Workbook
Name Excel_BuiltIn__FilterDatabase: 'приложение 9'!$C$2:$C$349
Name Excel_BuiltIn_Print_Area: 'приложение 11'!$B$1:$S$602
Name Excel_BuiltIn_Print_Area: 'приложение 7'!$A$1:$H$57
Name Excel_BuiltIn_Print_Area: 'приложение 9'!$A$2:$F$354
Name Print_Area_0: 'приложение 9'!$A$2:$F$356
Name Print_Area_0_0: 'приложение 11'!$B$1:$U$605
Name Print_Area_0_0: 'приложение 7'!$A$1:$H$52
Name Print_Area_0_0_0: 'приложение 11'!$A$1:$V$605
Name Print_Area_0_0_0_0: 'приложение 11'!$A$1:$AD$605
Name Print_Area_0_0_0_0_0: 'приложение 11'!$B$1:$T$605
Name Print_Area_0_0_0_0_0_0: 'приложение 11'!$A$1:$U$605
Name Print_Area_0_0_0_0_0_0_0: 'приложение 11'!$A$1:$U$605
Name Z_4F3F96C3_7B8B_440F_A7C0_DFFBDC784942__wvu_FilterData: #REF!
Name Z_6CB88F76_ADF1_43EB_B8FB_32CF6D2656A6__wvu_Cols: #REF!
Name Z_6CB88F76_ADF1_43EB_B8FB_32CF6D2656A6__wvu_FilterData: #REF!
Name Z_6CB88F76_ADF1_43EB_B8FB_32CF6D2656A6__wvu_PrintArea: #REF!
Name Z_7BCFB845_C80C_48FE_B4FE_79B4B69115F3__wvu_FilterData: #REF!
Name Z_7D67130F_5829_47C5_93DE_738E8D41F162__wvu_FilterData: #REF!
Name Z_8E2E7D81_C767_11D8_A2FD_006098EF8B30__wvu_Cols: #REF!
Name Z_8E2E7D81_C767_11D8_A2FD_006098EF8B30__wvu_FilterData: #REF!
Name Z_8E2E7D81_C767_11D8_A2FD_006098EF8B30__wvu_PrintArea: #REF!
Name Z_AAB63AD1_4FE4_4C7A_A62E_5A604C03BF55__wvu_FilterData: #REF!
Name Z_C231806E_9211_4D8F_9EB3_1A15C537C808__wvu_FilterData: #REF!
Name Z_D05021AF_1DB5_4AD7_B085_4CD71612CDB6__wvu_FilterData: #REF!
Name Z_D5E1AF6B_71F1_4B33_880B_72787157ADA9__wvu_FilterData: #REF!
Name Z_D5E1AF6B_71F1_4B33_880B_72787157ADA9__wvu_PrintArea: #REF!
Name Z_E2E14CAC_FED5_4087_B580_6F7DEE9C9BA1__wvu_FilterData: #REF!
Name Z_EF5A4981_C8E4_11D8_A2FC_006098EF8BA8__wvu_Cols: #REF!
Name Z_EF5A4981_C8E4_11D8_A2FC_006098EF8BA8__wvu_PrintArea: 'приложение 11'!$A$3
Name Z_EF5A4981_C8E4_11D8_A2FC_006098EF8BA8__wvu_PrintTitles: #REF!
Name Z_EFA5B1DC_5497_4E2C_A2B5_ED756C88CC7C__wvu_Cols: #REF!
Name Z_EFA5B1DC_5497_4E2C_A2B5_ED756C88CC7C__wvu_FilterData: #REF!

Sheet приложение 7
C1: Приложение 7
C2: к решению Совета муниципального образования Белореченский муниципальный район Краснодарского края от 18 декабря 2025 г. № 232
B3: Распределение бюджетных ассигнований бюджета муниципального образования Белореченский муниципальный район Краснодарского края по разделам и подразделам классификации расходов бюджетов на 2026 и 2027 годы
H4: (рублей)
A5: № п/п | B5: Наименование | C5: Коды бюджетной классификации | G5: 2026 год | H5: 2027 год
C6: Раздел | D6: Подраздел | E6: Целевая статья | F6: Вид расхода
A7: 1 | B7: 2 | C7: 3 | D7: 4 | E7: 5 | F7: 6 | G7: 5 | H7: 6
B8: Всего расходов | G8: =G9+G17+G21+G26+G28+G34+G37+G41+G46+G48 -> 4548501500 | H8: =H9+H17+H21+H26+H28+H34+H37+H41+H46+H48 -> 4322910500
A9: 1. | B9: Общегосударственные вопросы | C9: 01 | G9: =G10+G11+G12+G14+G15+G16+G13 -> 305403500 | H9: =H10+H11+H12+H14+H15+H16+H13 -> 305095400
B10: Функционирование высшего должностного лица субъекта Российской Федерации и муниципального образования | C10: 01 | D10: 02 | G10: ='приложение 11'!I27 -> 2171800 | H10: ='приложение 11'!T27 -> 2089200
B11: Функционирование законодательных (представительных) органов государственной власти и и представительных органов муниципальных образований | C11: 01 | D11: 03 | E11: 0020000 | G11: ='приложение 11'!I11 -> 5950500 | H11: ='приложение 11'!T11 -> 5724100
B12: Функционирование Правительства Российской Федерации, высших органов исполнительной власти субъектов Российской Федерации, местных администраций | C12: 01 | D12: 04 | G12: ='приложение 11'!I32 -> 76239500 | H12: ='приложение 11'!T32 -> 84918300
B13: Судебная система | C13: 01 | D13: 05 | G13: ='приложение 11'!I46 -> 83300 | H13: ='приложение 11'!T46 -> 9200
B14: Обеспечение деятельности финансовых, налоговых и таможенных органов и органов финансового (финансово-бюджетного) надзора | C14: 01 | D14: 06 | E14: 0020000 | G14: ='приложение 11'!I216+'приложение 11'!I236 -> 28552300 | H14: ='приложение 11'!T216+'приложение 11'!T236 -> 27465300
B15: Резервные фонды | C15: 01 | D15: 11 | E15: 0020400 | G15: ='приложение 11'!I50 -> 5000000 | H15: ='приложение 11'!T50 -> 5000000
B16: Другие общегосударственные вопросы | C16: 01 | D16: 13 | E16: 0020400 | F16: 012 | G16: ='приложение 11'!I55+'приложение 11'!I276+'приложение 11'!I222+'приложение 11'!I489+'приложение 11'!I297+'приложение 11'!I436+'приложение 11'!I245+'приложение 11'!I20+'приложение 11'!I252+'приложение 11'!I527 -> 187406100 | H16: ='приложение 11'!T55+'приложение 11'!T276+'приложение 11'!T222+'приложение 11'!T489+'приложение 11'!T297+'приложение 11'!T436+'приложение 11'!T245+'приложение 11'!T20+'приложение 11'!T252+'приложение 11'!T527 -> 179889300
A17: 2. | B17: Национальная безопасность и правоохранительная деятельность | C17: 03 | G17: =G18+G20+G19 -> 42296100 | H17: =H18+H20+H19 -> 45744800
B18: Гражданская оборона | C18: 03 | D18: 09 | G18: ='приложение 11'!I100 -> 35524100 | H18: ='приложение 11'!T100 -> 34742800
B19: Защита населения и территории от чрезвычайных ситуаций природного и техногенного характера, пожарная безопасность | C19: 03 | D19: 10 | G19: ='приложение 11'!I114 -> 252000 | H19: ='приложение 11'!T114 -> 252000
B20: Другие вопросы в области национальной безопасности и правоохранительной деятельности | C20: 03 | D20: 14 | G20: ='приложение 11'!I119 -> 6520000 | H20: ='приложение 11'!T119 -> 10750000
A21: 3. | B21: Национальная экономика | C21: 04 | G21: =G22+G24+G25+G23 -> 230908000 | H21: =H22+H24+H25+H23 -> 42072600
B22: Сельское хозяйство и рыболовство | C22: 04 | D22: 05 | G22: ='приложение 11'!I258 -> 29053300 | H22: ='приложение 11'!T258 -> 28721000
B23: Транспорт | C23: 04 | D23: 08 | G23: ='приложение 11'!I136 -> 1250000 | H23: ='приложение 11'!T136 -> 1250000
B24: Дорожное хозяйство(дорожные фонды) | C24: 04 | D24: 09 | G24: ='приложение 11'!I141 -> 194389000 | H24: ='приложение 11'!T141 -> 11231600
B25: Другие вопросы в области национальной экономики | C25: 04 | D25: 12 | G25: ='приложение 11'!I151+'приложение 11'!I290 -> 6215700 | H25: ='приложение 11'!T151+'приложение 11'!T290 -> 870000
A26: 4. | B26: Жилищно-коммунальное хозяйство | C26: 05 | G26: =G27 -> 113600100 | H26: =H27 -> 50516600
B27: Коммунальное хозяйство | C27: 05 | D27: 02 | G27: ='приложение 11'!I161 -> 113600100 | H27: ='приложение 11'!T161 -> 50516600
A28: 5. | B28: Образование | C28: 07 | G28: =G29+G30+G32+G33+G31 -> 3320426200 | H28: =H29+H30+H32+H33+H31 -> 3306192200
B29: Дошкольное образование | C29: 07 | D29: 01 | G29: ='приложение 11'!I304 -> 991502300 | H29: ='приложение 11'!T304 -> 1018397900
B30: Общее образование | C30: 07 | D30: 02 | G30: ='приложение 11'!I325 -> 1892410300 | H30: ='приложение 11'!T325 -> 1875628100
B31: Дополнительное образование детей | C31: 07 | D31: 03 | G31: ='приложение 11'!I372+'приложение 11'!I442 -> 335373900 | H31: ='приложение 11'!T372+'приложение 11'!T442 -> 324833700
B32: Молодежная политика | C32: 07 | D32: 07 | G32: ='приложение 11'!I533+'приложение 11'!I570 -> 17352200 | H32: ='приложение 11'!T533+'приложение 11'!T570 -> 16243000
B33: Другие вопросы в области образования | C33: 07 | D33: 09 | G33: ='приложение 11'!I390+'приложение 11'!I188+'приложение 11'!I562+'приложение 11'!I451 -> 83787500 | H33: ='приложение 11'!T390+'приложение 11'!T188+'приложение 11'!T562+'приложение 11'!T451 -> 71089500
A34: 6. | B34: Культура и кинематография | C34: 08 | G34: =G35+G36 -> 98683400 | H34: =H35+H36 -> 95242300
B35: Культура | C35: 08 | D35: 01 | G35: ='приложение 11'!I457 -> 82661700 | H35: ='приложение 11'!T457 -> 79603300
B36: Другие вопросы в области культуры, кинематографии | C36: 08 | D36: 04 | E36: 4429900 | F36: 001 | G36: ='приложение 11'!I467 -> 16021700 | H36: ='приложение 11'!T467 -> 15639000
A37: 7. | B37: Социальная политика | C37: 10 | G37: =G38+G39+G40 -> 209887700 | H37: =H38+H39+H40 -> 217208500
B38: Социальное обеспечение населения | C38: 10 | D38: 03 | G38: ='приложение 11'!I196 -> 5970700 | H38: ='приложение 11'!T196 -> 5743400
B39: Охрана семьи и детства | C39: 10 | D39: 04 | G39: ='приложение 11'!I429+'приложение 11'!I576+'приложение 11'!I200 -> 189631400 | H39: ='приложение 11'!T429+'приложение 11'!T576+'приложение 11'!T200 -> 197179500
B40: Другие вопросы в области социальной политики | C40: 10 | D40: 06 | G40: ='приложение 11'!I587 -> 14285600 | H40: ='приложение 11'!T587 -> 14285600
A41: 8. | B41: Физическая культура и спорт | C41: 11 | G41: =G42+G45+G44+G43 -> 165296500 | H41: =H42+H45+H44+H43 -> 156838100
B42: Физическая культура | C42: 11 | D42: 01 | G42: ='приложение 11'!I495 -> 2449500 | H42: ='приложение 11'!T495 -> 2356300
B43: Массовый спорт | C43: 11 | D43: 02 | G43: ='приложение 11'!I502 -> 30100 | H43: ='приложение 11'!T502 -> 31300
B44: Спорт высших достижений | C44: 11 | D44: 03 | G44: ='приложение 11'!I507 -> 159772000 | H44: ='приложение 11'!T507 -> 151521400
B45: Другие вопросы в области физической культуры и спорта | C45: 11 | D45: 05 | E45: 5200000 | G45: ='приложение 11'!I519 -> 3044900 | H45: ='приложение 11'!T519 -> 2929100
A46: 9. | B46: Межбюджетные трансферты общего характера бюджетам субъектов Российской Федерации | C46: 14 | D46: 00 | G46: =G47 -> 20000000 | H46: =H47 -> 20000000
B47: Дотации на выравнивание бюджетной обеспеченности субъектов Российской Федерации и муниципальных образований | C47: 14 | D47: 01 | G47: ='приложение 11'!I228 -> 20000000 | H47: ='приложение 11'!T228 -> 20000000
B48: Условно утвержденные | G48: ='приложение 11'!I233 -> 42000000 | H48: ='приложение 11'!T233 -> 84000000
B50: Начальник финансового управления
B51: администрации муниципального образования
B52: Белореченский муниципальный район
B53: Краснодарского края | G53: Е.А. Греков

Sheet приложение 9
C2: Приложение 9
C3: к решению Совета муниципального образования Белореченский муниципальный район Краснодарского края от 18 декабря 2025 г. № 232
B4: Распределение бюджетных ассигнований по целевым статьям (муниципальным программам муниципального образования Белореченский муниципальный район Краснодарского края и непрограммным направлениям деятельности), группам видов расходов классификации расходов бюджетов на 2026 и 2027 годы
F5: (рублей)
B6: Наименование | C6: КЦСР | D6: КВР | E6: 2026 год | F6: 2027 год
A7: 1 | B7: 2 | C7: 3 | D7: 4 | E7: 5 | F7: 6
B8: ВСЕГО | E8: =E9+E53+E57+E99+E104+E116+E131+E201+E216+E241+E250+E324+E292+E353+E237+E276+E288+E300+E272+E284+E308+E210+E233+E123+E127+E304 -> 4548501500 | F8: =F9+F53+F57+F99+F104+F116+F131+F201+F216+F241+F250+F324+F292+F353+F237+F276+F288+F300+F272+F284+F308+F210+F233+F123+F127+F304 -> 4322910500
A9: 1. | B9: Муниципальная программа "Обеспечение деятельности органов местного самоуправления" | C9: 5000000000 | E9: =E10+E15+E43+E47+E50 -> 185949100 | F9: =F10+F15+F43+F47+F50 -> 190374500
B10: Обеспечение деятельности высшего должностного лица муниципального образования | C10: 5010000000 | E10: =E11+E13 -> 2423800 | F10: =F11+F13 -> 2341200
B11: Расходы на обеспечение функций органов местного самоуправления | C11: 5010000190 | E11: =E12 -> 2171800 | F11: =F12 -> 2089200
B12: Расходы на выплаты персоналу в целях обеспечения выполнения функций государственными (муниципальными) органами, казенными учреждениями, органами управления государственными внебюджетными фондами | C12: 5010000190 | D12: 100 | E12: ='приложение 11'!I31 -> 2171800 | F12: ='приложение 11'!T31 -> 2089200
B13: Осуществление отдельного государственного полномочия Краснодарского края по формированию списков семей и граждан, жилые помещения которых утрачены, и (или) списков граждан, жилые помещения которых повреждены в результате чрезвычайных ситуаций природного и техногенного характера, а также в результате террористических актов и (или) при пресечении террористических актов правомерными действиями на территории Краснодарского края | C13: 5010060070 | E13: =E14 -> 252000 | F13: =F14 -> 252000
B14: Закупка товаров, работ и услуг для обеспечения государственных (муниципальных) нужд | C14: 5010060070 | D14: 200 | E14: ='приложение 11'!I118 -> 252000 | F14: ='приложение 11'!T118 -> 252000
B15: Обеспечение деятельности администрации муниципального образования | C15: 5020000000 | E15: =E16+E20+E23+E26+E34+E30+E38+E41 -> 155884800 | F15: =F16+F20+F23+F26+F34+F30+F38+F41 -> 162149900
B16: Расходы на обеспечение функций органов местного самоуправления | C16: 5020000190 | E16: =E17+E18+E19 -> 132332000 | F16: =F17+F18+F19 -> 138597100
B17: Расходы на выплаты персоналу в целях обеспечения выполнения функций государственными (муниципальными) органами, казенными учреждениями, органами управления государственными внебюджетными фондами | C17: 5020000190 | D17: 100 | E17: ='приложение 11'!I36+'приложение 11'!I220+'приложение 11'!I262+'приложение 11'!I280+'приложение 11'!I394+'приложение 11'!I471+'приложение 11'!I523+'приложение 11'!I566 -> 132316300 | F17: ='приложение 11'!T36+'приложение 11'!T220+'приложение 11'!T262+'приложение 11'!T280+'приложение 11'!T394+'приложение 11'!T471+'приложение 11'!T523+'приложение 11'!T566 -> 138582000
B18: Закупка товаров, работ и услуг для обеспечения государственных (муниципальных) нужд | C18: 5020000190 | D18: 200 | E18: ='приложение 11'!I281+'приложение 11'!I395 -> 0 | F18: ='приложение 11'!T281+'приложение 11'!T395 -> 0
B19: Иные бюджетные ассигнования | C19: 5020000190 | D19: 800 | E19: ='приложение 11'!I37+'приложение 11'!I221+'приложение 11'!I263+'приложение 11'!I282+'приложение 11'!I396+'приложение 11'!I472+'приложение 11'!I524+'приложение 11'!I567 -> 15700 | F19: ='приложение 11'!T37+'приложение 11'!T221+'приложение 11'!T263+'приложение 11'!T282+'приложение 11'!T396+'приложение 11'!T472+'приложение 11'!T524+'приложение 11'!T567 -> 15100
B20: Осуществление отдельных государственных полномочий по ведению учета граждан отдельных категорий в качестве нуждающихся в жилых помещениях и по формированию списка детей-сирот и детей, оставшихся без попечения родителей, лиц из числа детей-сирот и детей, оставшихся без попечения родителей, лиц, относившихся к категории детей-сирот и детей, оставшихся без попечения родителей, подлежащих обеспечению жилыми помещениями | C20: 5020060870 | E20: =E21+E22 -> 979700 | F20: =F21+F22 -> 979700
B21: Расходы на выплаты персоналу в целях обеспечения выполнения функций государственными (муниципальными) органами, казенными учреждениями, органами управления государственными внебюджетными фондами | C21: 5020060870 | D21: 100 | E21: ='приложение 11'!I39 -> 979700 | F21: ='приложение 11'!T39 -> 979700
B22: Закупка товаров, работ и услуг для обеспечения государственных (муниципальных) нужд | C22: 5020060870 | D22: 200 | E22: ='приложение 11'!I40 -> 0 | F22: ='приложение 11'!T40 -> 0
B23: Осуществление отдельных государственных полномочий Краснодарского края по поддержке сельскохозяйственного производства | C23: 5020060910 | E23: =E24+E25 -> 1953400 | F23: =F24+F25 -> 1953400
B24: Расходы на выплаты персоналу в целях обеспечения выполнения функций государственными (муниципальными) органами, казенными учреждениями, органами управления государственными внебюджетными фондами | C24: 5020060910 | D24: 100 | E24: ='приложение 11'!I265 -> 1953400 | F24: ='приложение 11'!T265 -> 1953400
B25: Закупка товаров, работ и услуг для обеспечения государственных (муниципальных) нужд | C25: 5020060910 | D25: 200 | E25: ='приложение 11'!I266 -> 0 | F25: ='приложение 11'!T266 -> 0
B26: Осуществление отдельных государственных полномочий по выявлению обстоятельств, свидетельствующих о необходимости оказания детям-сиротам и детям, оставшимся без попечения родителей, лицам из числа детей-сирот и детей, оставшихся без попечения родителей, содействия в преодолении трудной жизненной ситуации, и осуществлению контроля за использованием детьми-сиротами и детьми, оставшимися без попечения родителей, лицами из числа детей-сирот и детей, оставшихся без попечения родителей, предоставленных им жилых помещений специализированного жилищного фонда | C26: 5020069170 | E26: =E27+E28+E29 -> 1314600 | F26: =F27+F28+F29 -> 1314600
B27: Расходы на выплату персоналу в целях обеспечения функций государственными (муниципальными) органами, казенными учреждениями, органами управления государственными внебюджетными фондами | C27: 5020069170 | D27: 100 | E27: ='приложение 11'!I591 -> 1314600 | F27: ='приложение 11'!T591 -> 1314600
B28: Закупка товаров, работ и услуг для обеспечения государственных (муниципальных) нужд | C28: 5020069170 | D28: 200 | E28: ='приложение 11'!I592 -> 0 | F28: ='приложение 11'!T592 -> 0
B29: Иные бюджетные ассигнования | C29: 5020069170 | D29: 800 | E29: ='приложение 11'!I593 -> 0 | F29: ='приложение 11'!T593 -> 0
B30: Осуществление отдельных государственных полномочий Краснодарского края по организации и обеспечению отдыха и оздоровления детей (за исключением организации отдыха детей в каникулярное время) | C30: 5020069180 | E30: =E31+E32+E33 -> 979900 | F30: =F31+F32+F33 -> 979900
B31: Расходы на выплату персоналу в целях обеспечения функций государственными (муниципальными) органами, казенными учреждениями, органами управления государственными внебюджетными фондами | C31: 5020069180 | D31: 100 | E31: ='приложение 11'!I595 -> 979900 | F31: ='приложение 11'!T595 -> 979900
B32: Закупка товаров, работ и услуг для обеспечения государственных (муниципальных) нужд | C32: 5020069180 | D32: 200 | E32: ='приложение 11'!I596 -> 0 | F32: ='приложение 11'!T596 -> 0
B33: Иные бюджетные ассигнования | C33: 5020069180 | D33: 800 | E33: ='приложение 11'!I597 -> 0 | F33: ='приложение 11'!T597 -> 0
B34: Осуществление отдельных государственных полномочий по организации и осуществлению деятельности по опеке и попечительству в отношении несовершеннолетних | C34: 5020069190 | E34: =E35+E36+E37 -> 11991100 | F34: =F35+F36+F37 -> 11991100
B35: Расходы на выплату персоналу в целях обеспечения функций государственными (муниципальными) органами, казенными учреждениями, органами управления государственными внебюджетными фондами | C35: 5020069190 | D35: 100 | E35: ='приложение 11'!I599 -> 11290600 | F35: ='приложение 11'!T599 -> 11290600
B36: Закупка товаров, работ и услуг для обеспечения государственных (муниципальных) нужд | C36: 5020069190 | D36: 200 | E36: ='приложение 11'!I600 -> 700000 | F36: ='приложение 11'!T600 -> 700000
B37: Иные бюджетные ассигнования | C37: 5020069190 | D37: 800 | E37: ='приложение 11'!I601 -> 500 | F37: ='приложение 11'!T601 -> 500
B38: Осуществление отдельных государственных полномочий по созданию и организации деятельности комиссий по делам несовершеннолетних и защите их прав | C38: 5020069200 | E38: =E39+E40 -> 5354400 | F38: =F39+F40 -> 5354400
B39: Расходы на выплаты персоналу в целях обеспечения выполнения функций государственными (муниципальными) органами, казенными учреждениями, органами управления государственными внебюджетными фондами | C39: 5020069200 | D39: 100 | E39: ='приложение 11'!I42 -> 5254400 | F39: ='приложение 11'!T42 -> 5254400
B40: Закупка товаров, работ и услуг для обеспечения государственных (муниципальных) нужд | C40: 5020069200 | D40: 200 | E40: ='приложение 11'!I43 -> 100000 | F40: ='приложение 11'!T43 -> 100000
B41: 0существление отдельных государственных полномочий по предоставлению лицам, которые относились к категории детей-сирот и детей, оставшихся без попечения родителей, лиц из числа детей-сирот и детей, оставшихся без попечения родителей, и достигли возраста 23 лет, выплаты на приобретение благоустроенного жилого помещения в собственность или для полного погашения предоставленного на приобретение жилого помещения кредита (займа) по договору, обязательства заемщика по которому обеспечены ипотекой | C41: 5020069210 | E41: =E42 -> 979700 | F41: =F42 -> 979700
B42: Расходы на выплаты персоналу в целях обеспечения выполнения функций государственными (муниципальными) органами, казенными учреждениями, органами управления государственными внебюджетными фондами | C42: 5020069210 | D42: 100 | E42: ='приложение 11'!I45 -> 979700 | F42: ='приложение 11'!T45 -> 979700
B43: Укрепление материально-технической базы органов местного самоуправления | C43: 5030000000 | E43: =E44 -> 21140500 | F43: =F44 -> 19383400
B44: Укрепление материально-технического оснащения для бесперебойного обеспечения бюджетного процесса | C44: 5030010030 | E44: =E45+E46 -> 21140500 | F44: =F45+F46 -> 19383400
B45: Закупка товаров, работ и услуг для обеспечения государственных (муниципальных) нужд | C45: 5030010030 | D45: 200 | E45: ='приложение 11'!I24+'приложение 11'!I249+'приложение 11'!I256+'приложение 11'!I285+'приложение 11'!I531+'приложение 11'!I301+'приложение 11'!I226+'приложение 11'!I440+'приложение 11'!I493+'приложение 11'!I59 -> 21125500 | F45: ='приложение 11'!T24+'приложение 11'!T249+'приложение 11'!T256+'приложение 11'!T285+'приложение 11'!T531+'приложение 11'!T301+'приложение 11'!T226+'приложение 11'!T440+'приложение 11'!T493+'приложение 11'!T59 -> 19368400
B46: Иные бюджетные ассигнования | C46: 5030010030 | D46: 800 | E46: ='приложение 11'!I302 -> 15000 | F46: ='приложение 11'!T302 -> 15000
B47: Повышение информированности населения о деятельности органов власти | C47: 5040000000 | E47: =E48 -> 1500000 | F47: =F48 -> 1500000
B48: Обеспечение информационной открытости органов власти | C48: 5040010560 | E48: =E49 -> 1500000 | F48: =F49 -> 1500000
B49: Закупка товаров, работ и услуг для обеспечения государственных (муниципальных) нужд | C49: 5040010560 | D49: 200 | E49: ='приложение 11'!I62 -> 1500000 | F49: ='приложение 11'!T62 -> 1500000
B50: Создание информационно-технической инфраструктуры администрации | C50: 5050000000 | E50: =E51 -> 5000000 | F50: =F51 -> 5000000
B51: Информатизация администрации муниципального образования | C51: 5050010780 | E51: =E52 -> 5000000 | F51: =F52 -> 5000000
B52: Закупка товаров, работ и услуг для обеспечения государственных (муниципальных) нужд | C52: 5050010780 | D52: 200 | E52: ='приложение 11'!I65 -> 5000000 | F52: ='приложение 11'!T65 -> 5000000
A53: 2. | B53: Муниципальная программа "Управление муниципальными финансами" | C53: 5100000000 | E53: =E54 -> 20000000 | F53: =F54 -> 20000000
B54: Повышение уровня бюджетной обеспеченности муниципальных образований Белореченского района | C54: 5110000000 | E54: =E55 -> 20000000 | F54: =F55 -> 20000000
B55: Дотации на выравнивание бюджетной обеспеченности поселений | C55: 51100A0030 | E55: =E56 -> 20000000 | F55: =F56 -> 20000000
B56: Межбюджетные трансферты | C56: 51100A0030 | D56: 500 | E56: ='приложение 11'!I232 -> 20000000 | F56: ='приложение 11'!T232 -> 20000000
A57: 3. | B57: Муниципальная программа "Обеспечение деятельности казенных учреждений" | C57: 5200000000 | E57: =E58+E63+E73+E79+E89+E94+E84+E68 -> 233291300 | F57: =F58+F63+F73+F79+F89+F94+F84+F68 -> 227437600
B58: Централизованная бухгалтерия | C58: 5210000000 | E58: =E59 -> 113947400 | F58: =F59 -> 112316700
B59: Расходы на обеспечение деятельности (оказание услуг) муниципальных учреждений | C59: 5210000590 | E59: =E60+E61+E62 -> 113947400 | F59: =F60+F61+F62 -> 112316700
B60: Расходы на выплаты персоналу в целях обеспечения выполнения функций государственными (муниципальными) органами, казенными учреждениями, органами управления государственными внебюджетными фондами | C60: 5210000590 | D60: 100 | E60: ='приложение 11'!I192+'приложение 11'!I69 -> 99092000 | F60: ='приложение 11'!T192+'приложение 11'!T69 -> 97456300
B61: Закупка товаров, работ и услуг для обеспечения государственных (муниципальных) нужд | C61: 5210000590 | D61: 200 | E61: ='приложение 11'!I193+'приложение 11'!I70 -> 14730600 | F61: ='приложение 11'!T193+'приложение 11'!T70 -> 14740300
B62: Иные бюджетные ассигнования | C62: 5210000590 | D62: 800 | E62: ='приложение 11'!I194+'приложение 11'!I71 -> 124800 | F62: ='приложение 11'!T194+'приложение 11'!T71 -> 120100
B63: Административно-хозяйственная часть | C63: 5220000000 | E63: =E64 -> 25470700 | F63: =F64 -> 24210800
B64: Расходы на обеспечение деятельности (оказание услуг) муниципальных учреждений | C64: 5220000590 | E64: =E65+E66+E67 -> 25470700 | F64: =F65+F66+F67 -> 24210800
B65: Расходы на выплаты персоналу в целях обеспечения выполнения функций государственными (муниципальными) органами, казенными учреждениями, органами управления государственными внебюджетными фондами | C65: 5220000590 | D65: 100 | E65: ='приложение 11'!I74 -> 14029500 | F65: ='приложение 11'!T74 -> 13495600
B66: Закупка товаров, работ и услуг для обеспечения государственных (муниципальных) нужд | C66: 5220000590 | D66: 200 | E66: ='приложение 11'!I75 -> 11315700 | F66: ='приложение 11'!T75 -> 10594400
B67: Иные бюджетные ассигнования | C67: 5220000590 | D67: 800 | E67: ='приложение 11'!I76 -> 125500 | F67: ='приложение 11'!T76 -> 120800
B68: Архитектура и градостроительство | C68: 5230000000 | E68: =E69 -> 5876800 | F68: =F69 -> 5653100
B69: Расходы на обеспечение деятельности (оказание услуг) муниципальных учреждений | C69: 5230000590 | E69: =E70+E71+E72 -> 5876800 | F69: =F70+F71+F72 -> 5653100
B70: Расходы на выплаты персоналу в целях обеспечения выполнения функций государственными (муниципальными) органами, казенными учреждениями, органами управления государственными внебюджетными фондами | C70: 5230000590 | D70: 100 | E70: ='приложение 11'!I79 -> 5311900 | F70: ='приложение 11'!T79 -> 5109600
B71: Закупка товаров, работ и услуг для обеспечения государственных (муниципальных) нужд | C71: 5230000590 | D71: 200 | E71: ='приложение 11'!I80 -> 370900 | F71: ='приложение 11'!T80 -> 356900
B72: Иные бюджетные ассигнования | C72: 5230000590 | D72: 800 | E72: ='приложение 11'!I81 -> 194000 | F72: ='приложение 11'!T81 -> 186600
B73: Служба ГО и ЧС | C73: 5240000000 | E73: =E74 -> 32524100 | F73: =F74 -> 31742800
B74: Расходы на обеспечение деятельности (оказание услуг) муниципальных учреждений | C74: 5240000590 | E74: =E75+E76+E78+E77 -> 32524100 | F74: =F75+F76+F78+F77 -> 31742800
B75: Расходы на выплаты персоналу в целях обеспечения выполнения функций государственными (муниципальными) органами, казенными учреждениями, органами управления государственными внебюджетными фондами | C75: 5240000590 | D75: 100 | E75: ='приложение 11'!I104 -> 18867600 | F75: ='приложение 11'!T104 -> 18149200
B76: Закупка товаров, работ и услуг для обеспечения государственных (муниципальных) нужд | C76: 5240000590 | D76: 200 | E76: ='приложение 11'!I105 -> 1637400 | F76: ='приложение 11'!T105 -> 1575200
B77: Межбюджетные трансферты | C77: 5240000590 | D77: 500 | E77: ='приложение 11'!I106 -> 12000000 | F77: ='приложение 11'!T106 -> 12000000
B78: Иные бюджетные ассигнования | C78: 5240000590 | D78: 800 | E78: ='приложение 11'!I107 -> 19100 | F78: ='приложение 11'!T107 -> 18400
B79: ЦРО и МСКО | C79: 5250000000 | E79: =E80 -> 25693200 | F79: =F80 -> 24714900
B80: Расходы на обеспечение деятельности (оказание услуг) муниципальных учреждений | C80: 5250000590 | E80: =E81+E82+E83 -> 25693200 | F80: =F81+F82+F83 -> 24714900
B81: Расходы на выплаты персоналу в целях обеспечения выполнения функций государственными (муниципальными) органами, казенными учреждениями, органами управления государственными внебюджетными фондами | C81: 5250000590 | D81: 100 | E81: ='приложение 11'!I400+'приложение 11'!I476 -> 21827900 | F81: ='приложение 11'!T400+'приложение 11'!T476 -> 20996900
B82: Закупка товаров, работ и услуг для обеспечения государственных (муниципальных) нужд | C82: 5250000590 | D82: 200 | E82: ='приложение 11'!I401+'приложение 11'!I477 -> 3843900 | F82: ='приложение 11'!T401+'приложение 11'!T477 -> 3697400
B83: Иные бюджетные ассигнования | C83: 5250000590 | D83: 800 | E83: ='приложение 11'!I402+'приложение 11'!I478 -> 21400 | F83: ='приложение 11'!T402+'приложение 11'!T478 -> 20600
B84: Служба заказчика | C84: 5260000000 | E84: =E85 -> 14473700 | F84: =F85 -> 14076600
B85: Расходы на обеспечение деятельности (оказание услуг) муниципальных учреждений | C85: 5260000590 | E85: =E86+E87+E88 -> 14473700 | F85: =F86+F87+F88 -> 14076600
B86: Расходы на выплаты персоналу в целях обеспечения выполнения функций государственными (муниципальными) органами, казенными учреждениями, органами управления государственными внебюджетными фондами | C86: 5260000590 | D86: 100 | E86: ='приложение 11'!I84 -> 12609300 | F86: ='приложение 11'!T84 -> 12129200
B87: Закупка товаров, работ и услуг для обеспечения государственных (муниципальных) нужд | C87: 5260000590 | D87: 200 | E87: ='приложение 11'!I85 -> 1420400 | F87: ='приложение 11'!T85 -> 1520300
B88: Иные бюджетные ассигнования | C88: 5260000590 | D88: 800 | E88: ='приложение 11'!I86 -> 444000 | F88: ='приложение 11'!T86 -> 427100
B89: Новое поколение | C89: 5270000000 | E89: =E90 -> 12093100 | F89: =F90 -> 11632800
B90: Расходы на обеспечение деятельности (оказание услуг) муниципальных учреждений | C90: 5270000590 | E90: =E91+E92+E93 -> 12093100 | F90: =F91+F92+F93 -> 11632800
B91: Расходы на выплаты персоналу в целях обеспечения выполнения функций государственными (муниципальными) органами, казенными учреждениями, органами управления государственными внебюджетными фондами | C91: 5270000590 | D91: 100 | E91: ='приложение 11'!I537 -> 10385300 | F91: ='приложение 11'!T537 -> 9989900
B92: Закупка товаров, работ и услуг для обеспечения государственных (муниципальных) нужд | C92: 5270000590 | D92: 200 | E92: ='приложение 11'!I538 -> 1704000 | F92: ='приложение 11'!T538 -> 1639200
B93: Иные бюджетные ассигнования | C93: 5270000590 | D93: 800 | E93: ='приложение 11'!I539 -> 3800 | F93: ='приложение 11'!T539 -> 3700
B94: Центр военно-патриотического воспитания подростков и молодежи имени Героя Советского Союза С.Т.Голенева | C94: 5280000000 | E94: =E95 -> 3212300 | F94: =F95 -> 3089900
B95: Расходы на обеспечение деятельности (оказания услуг) муниципальных учреждений | C95: 5280000590 | E95: =E96+E97+E98 -> 3212300 | F95: =F96+F97+F98 -> 3089900
B96: Расходы на выплаты персоналу в целях обеспечения выполнения функций государственными (муниципальными) органами, казенными учреждениями, органами управления государственными внебюджетными фондами | C96: 5280000590 | D96: 100 | E96: ='приложение 11'!I542 -> 3035500 | F96: ='приложение 11'!T542 -> 2919900
B97: Закупка товаров, работ и услуг для обеспечения государственных (муниципальных) нужд | C97: 5280000590 | D97: 200 | E97: ='приложение 11'!I543 -> 176000 | F97: ='приложение 11'!T543 -> 169300
B98: Иные бюджетные ассигнования | C98: 5280000590 | D98: 800 | E98: ='приложение 11'!I544 -> 800 | F98: ='приложение 11'!T544 -> 700
A99: 4. | B99: Муниципальная программа "Молодежная политика, оздоровление, занятость детей и подростков" | C99: 5300000000 | E99: =E100 -> 551500 | F99: =F100 -> 0
B100: Мероприятия в области молодежной политики | C100: 5310000000 | E100: =E101 -> 551500 | F100: =F101 -> 0
B101: Реализация мероприятий для детей и молодежи | C101: 5310010350 | E101: =E102+E103 -> 551500 | F101: =F102+F103 -> 0
...

Sheet приложение 11
H1: Приложение 11
H2: к решению Совета муниципального образования Белореченский муниципальный район Краснодарского края от 18 декабря 2025 г. № 232
C3: Ведомственная структура расходов бюджета муниципального образования Белореченский муниципальный район Краснодарского края на 2026 и 2027 годы
T4: (рублей)
B5: № п\п | C5: Наименование | D5: Коды бюджетной классификации | I5: 2026 год | J5: Первоначальный бюджет | K5: 00.12.2024 | L5: 45687 | M5: 45715 | N5: 45743 | O5: 30,07,25 | P5: 45924 | Q5: 45986 | R5: 00.12.2025 | S5: Формулы не заполнять | T5: 2027 год | U5: Первоначальный бюджет | V5: 00.12.2024 | W5: 45687 | X5: 45715 | Y5: 45743 | Z5: 45868 | AA5: 45924 | AB5: 45986 | AC5: 00.12.2025 | AD5: Формулы не заполнять
D6: Вед | E6: Раздел | F6: Подраздел | G6: Целевая статья | H6: Вид расхода
B7: 1 | C7: 2 | D7: 3 | E7: 4 | F7: 5 | G7: 6 | H7: 7 | I7: 8 | T7: 9
C8: ВСЕГО | I8: =SUM(J8:S8) -> 4548501500 | J8: =J9+J25+J214+J234+J250+J274+J295+J434+J487+J525+J568 -> 4010397400 | K8: =K9+K25+K214+K234+K250+K274+K295+K434+K487+K525+K568 -> 191122600 | L8: =L9+L25+L214+L234+L250+L274+L295+L434+L487+L525+L568 -> 0 | M8: =M9+M25+M214+M234+M250+M274+M295+M434+M487+M525+M568 -> 2499800 | N8: =N9+N25+N214+N234+N250+N274+N295+N434+N487+N525+N568 -> 156945400 | O8: =O9+O25+O214+O234+O250+O274+O295+O434+O487+O525+O568 -> 0 | P8: =P9+P25+P214+P234+P250+P274+P295+P434+P487+P525+P568 -> 0 | Q8: =Q9+Q25+Q214+Q234+Q250+Q274+Q295+Q434+Q487+Q525+Q568 -> 1613300 | ... S8: =S9+S25+S214+S234+S250+S274+S295+S434+S487+S525+S568 -> 0 | T8: =SUM(U8:AD8) -> 4322910500 | U8: =U9+U25+U214+U234+U250+U274+U295+U434+U487+U525+U568 -> 3990368800 | V8: =V9+V25+V214+V234+V250+V274+V295+V434+V487+V525+V568 -> 314150800 | W8: =W9+W25+W214+W234+W250+W274+W295+W434+W487+W525+W568 -> 0 | X8: =X9+X25+X214+X234+X250+X274+X295+X434+X487+X525+X568 -> 2499800 | Y8: =Y9+Y25+Y214+Y234+Y250+Y274+Y295+Y434+Y487+Y525+Y568 -> 15888100 | Z8: =Z9+Z25+Z214+Z234+Z250+Z274+Z295+Z434+Z487+Z525+Z568 -> 0 | AA8: =AA9+AA25+AA214+AA234+AA250+AA274+AA295+AA434+AA487+AA525+AA568 -> 0 | AB8: =AB9+AB25+AB214+AB234+AB250+AB274+AB295+AB434+AB487+AB525+AB568 -> 3000 | ... AD8: =AD9+AD25+AD214+AD234+AD250+AD274+AD295+AD434+AD487+AD525+AD568 -> 0
B9: 1. | C9: Совет муниципального образования Белореченский муниципальный район Краснодарского края | D9: 901 | I9: =SUM(J9:S9) -> 7350500 | J9: =J10 -> 7350500 | K9: =K10 -> 0 | L9: =L10 -> 0 | M9: =M10 -> 0 | N9: =N10 -> 0 | O9: =O10 -> 0 | P9: =P10 -> 0 | Q9: =Q10 -> 0 | ... S9: =S10 -> 0 | T9: =SUM(U9:AD9) -> 5724100 | U9: =U10 -> 5724100 | V9: =V10 -> 0 | W9: =W10 -> 0 | X9: =X10 -> 0 | Y9: =Y10 -> 0 | Z9: =Z10 -> 0 | AA9: =AA10 -> 0 | AB9: =AB10 -> 0 | ... AD9: =AD10 -> 0
C10: Общегосударственные вопросы | D10: 901 | E10: 01 | F10: 00 | I10: =SUM(J10:S10) -> 7350500 | J10: =J11+J20 -> 7350500 | K10: =K11+K20 -> 0 | L10: =L11+L20 -> 0 | M10: =M11+M20 -> 0 | N10: =N11+N20 -> 0 | O10: =O11+O20 -> 0 | P10: =P11+P20 -> 0 | Q10: =Q11+Q20 -> 0 | ... S10: =S11+S20 -> 0 | T10: =SUM(U10:AD10) -> 5724100 | U10: =U11+U20 -> 5724100 | V10: =V11+V20 -> 0 | W10: =W11+W20 -> 0 | X10: =X11+X20 -> 0 | Y10: =Y11+Y20 -> 0 | Z10: =Z11+Z20 -> 0 | AA10: =AA11+AA20 -> 0 | AB10: =AB11+AB20 -> 0 | ... AD10: =AD11+AD20 -> 0
C11: Функционирование законодательных (представительных) органов государственной власти и представительных органов муниципальных образований | D11: 901 | E11: 01 | F11: 03 | I11: =SUM(J11:S11) -> 5950500 | J11: =J12 -> 5950500 | K11: =K12 -> 0 | L11: =L12 -> 0 | M11: =M12 -> 0 | N11: =N12 -> 0 | O11: =O12 -> 0 | P11: =P12 -> 0 | Q11: =Q12 -> 0 | ... S11: =S12 -> 0 | T11: =SUM(U11:AD11) -> 5724100 | U11: =U12 -> 5724100 | V11: =V12 -> 0 | W11: =W12 -> 0 | X11: =X12 -> 0 | Y11: =Y12 -> 0 | Z11: =Z12 -> 0 | AA11: =AA12 -> 0 | AB11: =AB12 -> 0 | ... AD11: =AD12 -> 0
C12: Другие непрограммные направления деятельности органов местного самоуправления | D12: 901 | E12: 01 | F12: 03 | G12: 9900000000 | I12: =SUM(J12:S12) -> 5950500 | J12: =J13+J16 -> 5950500 | K12: =K13+K16 -> 0 | L12: =L13+L16 -> 0 | M12: =M13+M16 -> 0 | N12: =N13+N16 -> 0 | O12: =O13+O16 -> 0 | P12: =P13+P16 -> 0 | Q12: =Q13+Q16 -> 0 | ... S12: =S13+S16 -> 0 | T12: =SUM(U12:AD12) -> 5724100 | U12: =U13+U16 -> 5724100 | V12: =V13+V16 -> 0 | W12: =W13+W16 -> 0 | X12: =X13+X16 -> 0 | Y12: =Y13+Y16 -> 0 | Z12: =Z13+Z16 -> 0 | AA12: =AA13+AA16 -> 0 | AB12: =AB13+AB16 -> 0 | ... AD12: =AD13+AD16 -> 0
C13: Обеспечение деятельности лиц, замещающих муниципальные должности в представительных органах, контрольно-счетных органах муниципальных образований | D13: 901 | E13: 01 | F13: 03 | G13: 9910000000 | I13: =SUM(J13:S13) -> 1974200 | J13: =J14 -> 1974200 | K13: =K14 -> 0 | L13: =L14 -> 0 | M13: =M14 -> 0 | N13: =N14 -> 0 | O13: =O14 -> 0 | P13: =P14 -> 0 | Q13: =Q14 -> 0 | ... S13: =S14 -> 0 | T13: =SUM(U13:AD13) -> 1899100 | U13: =U14 -> 1899100 | V13: =V14 -> 0 | W13: =W14 -> 0 | X13: =X14 -> 0 | Y13: =Y14 -> 0 | Z13: =Z14 -> 0 | AA13: =AA14 -> 0 | AB13: =AB14 -> 0 | ... AD13: =AD14 -> 0
C14: Расходы на обеспечение функций органов местного самоуправления | D14: 901 | E14: 01 | F14: 03 | G14: 9910000190 | I14: =SUM(J14:S14) -> 1974200 | J14: =J15 -> 1974200 | K14: =K15 -> 0 | L14: =L15 -> 0 | M14: =M15 -> 0 | N14: =N15 -> 0 | O14: =O15 -> 0 | P14: =P15 -> 0 | Q14: =Q15 -> 0 | ... S14: =S15 -> 0 | T14: =SUM(U14:AD14) -> 1899100 | U14: =U15 -> 1899100 | V14: =V15 -> 0 | W14: =W15 -> 0 | X14: =X15 -> 0 | Y14: =Y15 -> 0 | Z14: =Z15 -> 0 | AA14: =AA15 -> 0 | AB14: =AB15 -> 0 | ... AD14: =AD15 -> 0
C15: Расходы на выплаты персоналу в целях обеспечения выполнения функций государственными (муниципальными) органами, казенными учреждениями, органами управления государственными внебюджетными фондами | D15: 901 | E15: 01 | F15: 03 | G15: 9910000190 | H15: 100 | I15: =SUM(J15:S15) -> 1974200 | J15: 1974200 | T15: =SUM(U15:AD15) -> 1899100 | U15: 1899100
C16: Обеспечение деятельности муниципальных и немуниципальных служащих в представительных органах, контрольно-счетных органах муниципальных образований | D16: 901 | E16: 01 | F16: 03 | G16: 9920000000 | I16: =SUM(J16:S16) -> 3976300 | J16: =J17 -> 3976300 | K16: =K17 -> 0 | L16: =L17 -> 0 | M16: =M17 -> 0 | N16: =N17 -> 0 | O16: =O17 -> 0 | P16: =P17 -> 0 | Q16: =Q17 -> 0 | ... S16: =S17 -> 0 | T16: =SUM(U16:AD16) -> 3825000 | U16: =U17 -> 3825000 | V16: =V17 -> 0 | W16: =W17 -> 0 | X16: =X17 -> 0 | Y16: =Y17 -> 0 | Z16: =Z17 -> 0 | AA16: =AA17 -> 0 | AB16: =AB17 -> 0 | ... AD16: =AD17 -> 0
C17: Расходы на обеспечение функций органов местного самоуправления | D17: 901 | E17: 01 | F17: 03 | G17: 9920000190 | I17: =SUM(J17:S17) -> 3976300 | J17: =J18+J19 -> 3976300 | K17: =K18+K19 -> 0 | L17: =L18+L19 -> 0 | M17: =M18+M19 -> 0 | N17: =N18+N19 -> 0 | O17: =O18+O19 -> 0 | P17: =P18+P19 -> 0 | Q17: =Q18+Q19 -> 0 | ... S17: =S18+S19 -> 0 | T17: =SUM(U17:AD17) -> 3825000 | U17: =U18+U19 -> 3825000 | V17: =V18+V19 -> 0 | W17: =W18+W19 -> 0 | X17: =X18+X19 -> 0 | Y17: =Y18+Y19 -> 0 | Z17: =Z18+Z19 -> 0 | AA17: =AA18+AA19 -> 0 | AB17: =AB18+AB19 -> 0 | ... AD17: =AD18+AD19 -> 0
C18: Расходы на выплаты персоналу в целях обеспечения выполнения функций государственными (муниципальными) органами, казенными учреждениями, органами управления государственными внебюджетными фондами | D18: 901 | E18: 01 | F18: 03 | G18: 9920000190 | H18: 100 | I18: =SUM(J18:S18) -> 3972500 | J18: 3972500 | T18: =SUM(U18:AD18) -> 3821300 | U18: 3821300
C19: Иные бюджетные ассигнования | D19: 901 | E19: 01 | F19: 03 | G19: 9920000190 | H19: 800 | I19: =SUM(J19:S19) -> 3800 | J19: 3800 | T19: =SUM(U19:AD19) -> 3700 | U19: 3700
C20: Другие общегосударственные вопросы | D20: 901 | E20: 01 | F20: 13 | I20: =SUM(J20:S20) -> 1400000 | J20: =J21 -> 1400000 | K20: =K21 -> 0 | L20: =L21 -> 0 | M20: =M21 -> 0 | N20: =N21 -> 0 | O20: =O21 -> 0 | P20: =P21 -> 0 | Q20: =Q21 -> 0 | ... S20: =S21 -> 0 | T20: =SUM(U20:AD20) -> 0 | U20: =U21 -> 0 | V20: =V21 -> 0 | W20: =W21 -> 0 | X20: =X21 -> 0 | Y20: =Y21 -> 0 | Z20: =Z21 -> 0 | AA20: =AA21 -> 0 | AB20: =AB21 -> 0 | ... AD20: =AD21 -> 0
C21: Муниципальная программа "Обеспечение деятельности органов местного самоуправления" | D21: 901 | E21: 01 | F21: 13 | G21: 500000000 | I21: =SUM(J21:S21) -> 1400000 | J21: =J22 -> 1400000 | K21: =K22 -> 0 | L21: =L22 -> 0 | M21: =M22 -> 0 | N21: =N22 -> 0 | O21: =O22 -> 0 | P21: =P22 -> 0 | Q21: =Q22 -> 0 | ... S21: =S22 -> 0 | T21: =SUM(U21:AD21) -> 0 | U21: =U22 -> 0 | V21: =V22 -> 0 | W21: =W22 -> 0 | X21: =X22 -> 0 | Y21: =Y22 -> 0 | Z21: =Z22 -> 0 | AA21: =AA22 -> 0 | AB21: =AB22 -> 0 | ... AD21: =AD22 -> 0
C22: Укрепление материально-технической базы органов местного самоуправления | D22: 901 | E22: 01 | F22: 13 | G22: 5030000000 | I22: =SUM(J22:S22) -> 1400000 | J22: =J23 -> 1400000 | K22: =K23 -> 0 | L22: =L23 -> 0 | M22: =M23 -> 0 | N22: =N23 -> 0 | O22: =O23 -> 0 | P22: =P23 -> 0 | Q22: =Q23 -> 0 | ... S22: =S23 -> 0 | T22: =SUM(U22:AD22) -> 0 | U22: =U23 -> 0 | V22: =V23 -> 0 | W22: =W23 -> 0 | X22: =X23 -> 0 | Y22: =Y23 -> 0 | Z22: =Z23 -> 0 | AA22: =AA23 -> 0 | AB22: =AB23 -> 0 | ... AD22: =AD23 -> 0
C23: Укрепление материально-технического оснащения для бесперебойного обеспечения бюджетного процесса | D23: 901 | E23: 01 | F23: 13 | G23: 5030010030 | I23: =SUM(J23:S23) -> 1400000 | J23: =J24 -> 1400000 | K23: =K24 -> 0 | L23: =L24 -> 0 | M23: =M24 -> 0 | N23: =N24 -> 0 | O23: =O24 -> 0 | P23: =P24 -> 0 | Q23: =Q24 -> 0 | ... S23: =S24 -> 0 | T23: =SUM(U23:AD23) -> 0 | U23: =U24 -> 0 | V23: =V24 -> 0 | W23: =W24 -> 0 | X23: =X24 -> 0 | Y23: =Y24 -> 0 | Z23: =Z24 -> 0 | AA23: =AA24 -> 0 | AB23: =AB24 -> 0 | ... AD23: =AD24 -> 0
C24: Закупка товаров, работ и услуг для обеспечения государственных (муниципальных) нужд | D24: 901 | E24: 01 | F24: 13 | G24: 5030010030 | H24: 200 | I24: =SUM(J24:S24) -> 1400000 | J24: 1400000 | T24: =SUM(U24:AD24) -> 0
B25: 2. | C25: Администрация муниципального образования Белореченский муниципальный район Краснодарского края | D25: 902 | I25: =SUM(J25:S25) -> 708706500 | J25: =J26+J99+J135+J160+J187+J195 -> 521379900 | K25: =K26+K99+K135+K160+K187+K195 -> -339700 | L25: =L26+L99+L135+L160+L187+L195 -> 0 | M25: =M26+M99+M135+M160+M187+M195 -> 0 | N25: =N26+N99+N135+N160+N187+N195 -> 1729800 | O25: =O26+O99+O135+O160+O187+O195 -> 0 | P25: =P26+P99+P135+P160+P187+P195 -> 13500 | Q25: =Q26+Q99+Q135+Q160+Q187+Q195 -> 0 | ... S25: =S26+S99+S135+S160+S187+S195 -> 0 | T25: =SUM(U25:AD25) -> 474496300 | U25: =U26+U99+U135+U160+U187+U195 -> 576061300 | V25: =V26+V99+V135+V160+V187+V195 -> 280200 | W25: =W26+W99+W135+W160+W187+W195 -> 0 | X25: =X26+X99+X135+X160+X187+X195 -> 0 | Y25: =Y26+Y99+Y135+Y160+Y187+Y195 -> -101858800 | Z25: =Z26+Z99+Z135+Z160+Z187+Z195 -> 0 | AA25: =AA26+AA99+AA135+AA160+AA187+AA195 -> 13600 | AB25: =AB26+AB99+AB135+AB160+AB187+AB195 -> 0 | ... AD25: =AD26+AD99+AD135+AD160+AD187+AD195 -> 0
C26: Общегосударственные вопросы | D26: 902 | E26: 01 | F26: 00 | I26: =SUM(J26:S26) -> 239923300 | J26: =J27+J32+J50+J55+J46 -> 240085900 | K26: =K27+K32+K50+K55+K46 -> -2600 | L26: =L27+L32+L50+L55+L46 -> 0 | M26: =M27+M32+M50+M55+M46 -> 0 | N26: =N27+N32+N50+N55+N46 -> 0 | O26: =O27+O32+O50+O55+O46 -> -160000 | P26: =P27+P32+P50+P55+P46 -> 0 | Q26: =Q27+Q32+Q50+Q55+Q46 -> 0 | ... S26: =S27+S32+S50+S55+S46 -> 0 | T26: =SUM(U26:AD26) -> 243250400 | U26: =U27+U32+U50+U55+U46 -> 240172000 | V26: =V27+V32+V50+V55+V46 -> -125400 | W26: =W27+W32+W50+W55+W46 -> 0 | X26: =X27+X32+X50+X55+X46 -> 0 | Y26: =Y27+Y32+Y50+Y55+Y46 -> 3203800 | Z26: =Z27+Z32+Z50+Z55+Z46 -> 0 | AA26: =AA27+AA32+AA50+AA55+AA46 -> 0 | AB26: =AB27+AB32+AB50+AB55+AB46 -> 0 | ... AD26: =AD27+AD32+AD50+AD55+AD46 -> 0
C27: Функционирование высшего должностного лица субъекта Российской Федерации и муниципального образования | D27: 902 | E27: 01 | F27: 02 | I27: =SUM(J27:S27) -> 2171800 | J27: =J28 -> 2171800 | K27: =K28 -> 0 | L27: =L28 -> 0 | M27: =M28 -> 0 | N27: =N28 -> 0 | O27: =O28 -> 0 | P27: =P28 -> 0 | Q27: =Q28 -> 0 | ... S27: =S28 -> 0 | T27: =SUM(U27:AD27) -> 2089200 | U27: =U28 -> 2089200 | V27: =V28 -> 0 | W27: =W28 -> 0 | X27: =X28 -> 0 | Y27: =Y28 -> 0 | Z27: =Z28 -> 0 | AA27: =AA28 -> 0 | AB27: =AB28 -> 0 | ... AD27: =AD28 -> 0
C28: Муниципальная программа "Обеспечение деятельности органов местного самоуправления" | D28: 902 | E28: 01 | F28: 02 | G28: 5000000000 | I28: =SUM(J28:S28) -> 2171800 | J28: =J29 -> 2171800 | K28: =K29 -> 0 | L28: =L29 -> 0 | M28: =M29 -> 0 | N28: =N29 -> 0 | O28: =O29 -> 0 | P28: =P29 -> 0 | Q28: =Q29 -> 0 | ... S28: =S29 -> 0 | T28: =SUM(U28:AD28) -> 2089200 | U28: =U29 -> 2089200 | V28: =V29 -> 0 | W28: =W29 -> 0 | X28: =X29 -> 0 | Y28: =Y29 -> 0 | Z28: =Z29 -> 0 | AA28: =AA29 -> 0 | AB28: =AB29 -> 0 | ... AD28: =AD29 -> 0
C29: Обеспечение деятельности высшего должностного лица муниципального образования | D29: 902 | E29: 01 | F29: 02 | G29: 5010000000 | I29: =SUM(J29:S29) -> 2171800 | J29: =J30 -> 2171800 | K29: =K30 -> 0 | L29: =L30 -> 0 | M29: =M30 -> 0 | N29: =N30 -> 0 | O29: =O30 -> 0 | P29: =P30 -> 0 | Q29: =Q30 -> 0 | ... S29: =S30 -> 0 | T29: =SUM(U29:AD29) -> 2089200 | U29: =U30 -> 2089200 | V29: =V30 -> 0 | W29: =W30 -> 0 | X29: =X30 -> 0 | Y29: =Y30 -> 0 | Z29: =Z30 -> 0 | AA29: =AA30 -> 0 | AB29: =AB30 -> 0 | ... AD29: =AD30 -> 0
C30: Расходы на обеспечение функций органов местного самоуправления | D30: 902 | E30: 01 | F30: 02 | G30: 5010000190 | I30: =SUM(J30:S30) -> 2171800 | J30: =J31 -> 2171800 | K30: =K31 -> 0 | L30: =L31 -> 0 | M30: =M31 -> 0 | N30: =N31 -> 0 | O30: =O31 -> 0 | P30: =P31 -> 0 | Q30: =Q31 -> 0 | ... S30: =S31 -> 0 | T30: =SUM(U30:AD30) -> 2089200 | U30: =U31 -> 2089200 | V30: =V31 -> 0 | W30: =W31 -> 0 | X30: =X31 -> 0 | Y30: =Y31 -> 0 | Z30: =Z31 -> 0 | AA30: =AA31 -> 0 | AB30: =AB31 -> 0 | ... AD30: =AD31 -> 0
C31: Расходы на выплаты персоналу в целях обеспечения выполнения функций государственными (муниципальными) органами, казенными учреждениями, органами управления государственными внебюджетными фондами | D31: 902 | E31: 01 | F31: 02 | G31: 5010000190 | H31: 100 | I31: =SUM(J31:S31) -> 2171800 | J31: 2171800 | T31: =SUM(U31:AD31) -> 2089200 | U31: 2089200
C32: Функционирование Правительства Российской Федерации, высших исполнительных органов государственной власти субъектов Российской Федерации, местных администраций | D32: 902 | E32: 01 | F32: 04 | I32: =SUM(J32:S32) -> 76239500 | J32: =J33 -> 76239500 | K32: =K33 -> 0 | L32: =L33 -> 0 | M32: =M33 -> 0 | N32: =N33 -> 0 | O32: =O33 -> 0 | P32: =P33 -> 0 | Q32: =Q33 -> 0 | ... S32: =S33 -> 0 | T32: =SUM(U32:AD32) -> 84918300 | U32: =U33 -> 81714500 | V32: =V33 -> 0 | W32: =W33 -> 0 | X32: =X33 -> 0 | Y32: =Y33 -> 3203800 | Z32: =Z33 -> 0 | AA32: =AA33 -> 0 | AB32: =AB33 -> 0 | ... AD32: =AD33 -> 0
C33: Муниципальная программа "Обеспечение деятельности органов местного самоуправления" | D33: 902 | E33: 01 | F33: 04 | G33: 5000000000 | I33: =SUM(J33:S33) -> 76239500 | J33: =J34 -> 76239500 | K33: =K34 -> 0 | L33: =L34 -> 0 | M33: =M34 -> 0 | N33: =N34 -> 0 | O33: =O34 -> 0 | P33: =P34 -> 0 | Q33: =Q34 -> 0 | ... S33: =S34 -> 0 | T33: =SUM(U33:AD33) -> 84918300 | U33: =U34 -> 81714500 | V33: =V34 -> 0 | W33: =W34 -> 0 | X33: =X34 -> 0 | Y33: =Y34 -> 3203800 | Z33: =Z34 -> 0 | AA33: =AA34 -> 0 | AB33: =AB34 -> 0 | ... AD33: =AD34 -> 0
C34: Обеспечение деятельности администрации муниципального образования | D34: 902 | E34: 01 | F34: 04 | G34: 5020000000 | I34: =SUM(J34:S34) -> 76239500 | J34: =J35+J38+J41+J44 -> 76239500 | K34: =K35+K38+K41+K44 -> 0 | L34: =L35+L38+L41+L44 -> 0 | M34: =M35+M38+M41+M44 -> 0 | N34: =N35+N38+N41+N44 -> 0 | O34: =O35+O38+O41+O44 -> 0 | P34: =P35+P38+P41+P44 -> 0 | Q34: =Q35+Q38+Q41+Q44 -> 0 | ... S34: =S35+S38+S41+S44 -> 0 | T34: =SUM(U34:AD34) -> 84918300 | U34: =U35+U38+U41+U44 -> 81714500 | V34: =V35+V38+V41+V44 -> 0 | W34: =W35+W38+W41+W44 -> 0 | X34: =X35+X38+X41+X44 -> 0 | Y34: =Y35+Y38+Y41+Y44 -> 3203800 | Z34: =Z35+Z38+Z41+Z44 -> 0 | AA34: =AA35+AA38+AA41+AA44 -> 0 | AB34: =AB35+AB38+AB41+AB44 -> 0 | ... AD34: =AD35+AD38+AD41+AD44 -> 0
C35: Расходы на обеспечение функций органов местного самоуправления | D35: 902 | E35: 01 | F35: 04 | G35: 5020000190 | I35: =SUM(J35:S35) -> 68925700 | J35: =J36+J37 -> 68925700 | K35: =K36+K37 -> 0 | L35: =L36+L37 -> 0 | M35: =M36+M37 -> 0 | N35: =N36+N37 -> 0 | O35: =O36+O37 -> 0 | P35: =P36+P37 -> 0 | Q35: =Q36+Q37 -> 0 | ... S35: =S36+S37 -> 0 | T35: =SUM(U35:AD35) -> 77604500 | U35: =U36+U37 -> 74400700 | V35: =V36+V37 -> 0 | W35: =W36+W37 -> 0 | X35: =X36+X37 -> 0 | Y35: =Y36+Y37 -> 3203800 | Z35: =Z36+Z37 -> 0 | AA35: =AA36+AA37 -> 0 | AB35: =AB36+AB37 -> 0 | ... AD35: =AD36+AD37 -> 0
C36: Расходы на выплаты персоналу в целях обеспечения выполнения функций государственными (муниципальными) органами, казенными учреждениями, органами управления государственными внебюджетными фондами | D36: 902 | E36: 01 | F36: 04 | G36: 5020000190 | H36: 100 | I36: =SUM(J36:S36) -> 68925700 | J36: 68925700 | T36: =SUM(U36:AD36) -> 77604500 | U36: 74400700 | Y36: 3203800
C37: Иные бюджетные ассигнования | D37: 902 | E37: 01 | F37: 04 | G37: 5020000190 | H37: 800 | I37: =SUM(J37:S37) -> 0 | T37: =SUM(U37:AD37) -> 0
C38: Осуществление отдельных государственных полномочий по ведению учета граждан отдельных категорий в качестве нуждающихся в жилых помещениях и по формированию списка детей-сирот и детей, оставшихся без попечения родителей, лиц из числа детей-сирот и детей, оставшихся без попечения родителей, лиц, относившихся к категории детей-сирот и детей, оставшихся без попечения родителей, подлежащих обеспечению жилыми помещениями | D38: 902 | E38: 01 | F38: 04 | G38: 5020060870 | I38: =SUM(J38:S38) -> 979700 | J38: =J39+J40 -> 979700 | K38: =K39+K40 -> 0 | L38: =L39+L40 -> 0 | M38: =M39+M40 -> 0 | N38: =N39+N40 -> 0 | O38: =O39+O40 -> 0 | P38: =P39+P40 -> 0 | Q38: =Q39+Q40 -> 0 | ... S38: =S39+S40 -> 0 | T38: =SUM(U38:AD38) -> 979700 | U38: =U39+U40 -> 979700 | V38: =V39+V40 -> 0 | W38: =W39+W40 -> 0 | X38: =X39+X40 -> 0 | Y38: =Y39+Y40 -> 0 | Z38: =Z39+Z40 -> 0 | AA38: =AA39+AA40 -> 0 | AB38: =AB39+AB40 -> 0 | ... AD38: =AD39+AD40 -> 0
C39: Расходы на выплаты персоналу в целях обеспечения выполнения функций государственными (муниципальными) органами, казенными учреждениями, органами управления государственными внебюджетными фондами | D39: 902 | E39: 01 | F39: 04 | G39: 5020060870 | H39: 100 | I39: =SUM(J39:S39) -> 979700 | J39: 979700 | T39: =SUM(U39:AD39) -> 979700 | U39: 979700
C40: Закупка товаров, работ и услуг для обеспечения государственных (муниципальных) нужд | D40: 902 | E40: 01 | F40: 04 | G40: 5020060870 | H40: 200 | I40: =SUM(J40:S40) -> 0 | T40: =SUM(U40:AD40) -> 0
C41: Осуществление отдельных государственных полномочий по созданию и организации деятельности комиссий по делам несовершеннолетних и защите их прав | D41: 902 | E41: 01 | F41: 04 | G41: 5020069200 | I41: =SUM(J41:S41) -> 5354400 | J41: =J42+J43 -> 5354400 | K41: =K42+K43 -> 0 | L41: =L42+L43 -> 0 | M41: =M42+M43 -> 0 | N41: =N42+N43 -> 0 | O41: =O42+O43 -> 0 | P41: =P42+P43 -> 0 | Q41: =Q42+Q43 -> 0 | ... S41: =S42+S43 -> 0 | T41: =SUM(U41:AD41) -> 5354400 | U41: =U42+U43 -> 5354400 | V41: =V42+V43 -> 0 | W41: =W42+W43 -> 0 | X41: =X42+X43 -> 0 | Y41: =Y42+Y43 -> 0 | Z41: =Z42+Z43 -> 0 | AA41: =AA42+AA43 -> 0 | AB41: =AB42+AB43 -> 0 | ... AD41: =AD42+AD43 -> 0
C42: Расходы на выплаты персоналу в целях обеспечения выполнения функций государственными (муниципальными) органами, казенными учреждениями, органами управления государственными внебюджетными фондами | D42: 902 | E42: 01 | F42: 04 | G42: 5020069200 | H42: 100 | I42: =SUM(J42:S42) -> 5254400 | J42: 5254400 | T42: =SUM(U42:AD42) -> 5254400 | U42: 5254400
C43: Закупка товаров, работ и услуг для обеспечения государственных (муниципальных) нужд | D43: 902 | E43: 01 | F43: 04 | G43: 5020069200 | H43: 200 | I43: =SUM(J43:S43) -> 100000 | J43: 100000 | T43: =SUM(U43:AD43) -> 100000 | U43: 100000
C44: 0существление отдельных государственных полномочий по предоставлению лицам, которые относились к категории детей-сирот и детей, оставшихся без попечения родителей, лиц из числа детей-сирот и детей, оставшихся без попечения родителей, и достигли возраста 23 лет, выплаты на приобретение благоустроенного жилого помещения в собственность или для полного погашения предоставленного на приобретение жилого помещения кредита (займа) по договору, обязательства заемщика по которому обеспечены ипотекой | D44: 902 | E44: 01 | F44: 04 | G44: 5020069210 | I44: =SUM(J44:S44) -> 979700 | J44: =J45 -> 979700 | K44: =K45 -> 0 | L44: =L45 -> 0 | M44: =M45 -> 0 | N44: =N45 -> 0 | O44: =O45 -> 0 | P44: =P45 -> 0 | Q44: =Q45 -> 0 | ... S44: =S45 -> 0 | T44: =SUM(U44:AD44) -> 979700 | U44: =U45 -> 979700 | V44: =V45 -> 0 | W44: =W45 -> 0 | X44: =X45 -> 0 | Y44: =Y45 -> 0 | Z44: =Z45 -> 0 | AA44: =AA45 -> 0 | AB44: =AB45 -> 0 | ... AD44: =AD45 -> 0
C45: Расходы на выплаты персоналу в целях обеспечения выполнения функций государственными (муниципальными) органами, казенными учреждениями, органами управления государственными внебюджетными фондами | D45: 902 | E45: 01 | F45: 04 | G45: 5020069210 | H45: 100 | I45: =SUM(J45:S45) -> 979700 | J45: 979700 | T45: =SUM(U45:AD45) -> 979700 | U45: 979700
C46: Судебная система | D46: 902 | E46: 01 | F46: 05 | I46: =SUM(J46:S46) -> 83300 | J46: =J47 -> 85900 | K46: =K47 -> -2600 | L46: =L47 -> 0 | M46: =M47 -> 0 | N46: =N47 -> 0 | O46: =O47 -> 0 | P46: =P47 -> 0 | Q46: =Q47 -> 0 | ... S46: =S47 -> 0 | T46: =SUM(U46:AD46) -> 9200 | U46: =U47 -> 134600 | V46: =V47 -> -125400 | W46: =W47 -> 0 | X46: =X47 -> 0 | Y46: =Y47 -> 0 | Z46: =Z47 -> 0 | AA46: =AA47 -> 0 | AB46: =AB47 -> 0 | ... AD46: =AD47 -> 0
C47: Другие непрограммные направления деятельности органов местного самоуправления | D47: 902 | E47: 01 | F47: 05 | G47: 9900000000 | I47: =SUM(J47:S47) -> 83300 | J47: =J48 -> 85900 | K47: =K48 -> -2600 | L47: =L48 -> 0 | M47: =M48 -> 0 | N47: =N48 -> 0 | O47: =O48 -> 0 | P47: =P48 -> 0 | Q47: =Q48 -> 0 | ... S47: =S48 -> 0 | T47: =SUM(U47:AD47) -> 9200 | U47: =U48 -> 134600 | V47: =V48 -> -125400 | W47: =W48 -> 0 | X47: =X48 -> 0 | Y47: =Y48 -> 0 | Z47: =Z48 -> 0 | AA47: =AA48 -> 0 | AB47: =AB48 -> 0 | ... AD47: =AD48 -> 0
C48: Осуществление полномочий по составлению (изменению) списков кандидатов в присяжные заседатели федеральных судов общей юрисдикции в Российской Федерации | D48: 902 | E48: 01 | F48: 05 | G48: 9900051200 | I48: =SUM(J48:S48) -> 83300 | J48: =J49 -> 85900 | K48: =K49 -> -2600 | L48: =L49 -> 0 | M48: =M49 -> 0 | N48: =N49 -> 0 | O48: =O49 -> 0 | P48: =P49 -> 0 | Q48: =Q49 -> 0 | ... S48: =S49 -> 0 | T48: =SUM(U48:AD48) -> 9200 | U48: =U49 -> 134600 | V48: =V49 -> -125400 | W48: =W49 -> 0 | X48: =X49 -> 0 | Y48: =Y49 -> 0 | Z48: =Z49 -> 0 | AA48: =AA49 -> 0 | AB48: =AB49 -> 0 | ... AD48: =AD49 -> 0
C49: Закупка товаров, работ и услуг для обеспечения государственных (муниципальных) нужд | D49: 902 | E49: 01 | F49: 05 | G49: 9900051200 | H49: 200 | I49: =SUM(J49:S49) -> 83300 | J49: 85900 | K49: -2600 | L49: 0 | M49: 0 | N49: 0 | O49: 0 | P49: 0 | Q49: 0 | R49: 0 | S49: 0 | T49: =SUM(U49:AD49) -> 9200 | U49: 134600 | V49: -125400 | W49: 0 | X49: 0 | Y49: 0 | Z49: 0 | AA49: 0 | AB49: 0 | AC49: 0 | AD49: 0
C50: Резервные фонды | D50: 902 | E50: 01 | F50: 11 | I50: =SUM(J50:S50) -> 5000000 | J50: =J51 -> 5000000 | K50: =K51 -> 0 | L50: =L51 -> 0 | M50: =M51 -> 0 | N50: =N51 -> 0 | O50: =O51 -> 0 | P50: =P51 -> 0 | Q50: =Q51 -> 0 | ... S50: =S51 -> 0 | T50: =SUM(U50:AD50) -> 5000000 | U50: =U51 -> 5000000 | V50: =V51 -> 0 | W50: =W51 -> 0 | X50: =X51 -> 0 | Y50: =Y51 -> 0 | Z50: =Z51 -> 0 | AA50: =AA51 -> 0 | AB50: =AB51 -> 0 | ... AD50: =AD51 -> 0
C51: Другие непрограммные направления деятельности органов местного самоуправления | D51: 902 | E51: 01 | F51: 11 | G51: 9900000000 | I51: =SUM(J51:S51) -> 5000000 | J51: =J52 -> 5000000 | K51: =K52 -> 0 | L51: =L52 -> 0 | M51: =M52 -> 0 | N51: =N52 -> 0 | O51: =O52 -> 0 | P51: =P52 -> 0 | Q51: =Q52 -> 0 | ... S51: =S52 -> 0 | T51: =SUM(U51:AD51) -> 5000000 | U51: =U52 -> 5000000 | V51: =V52 -> 0 | W51: =W52 -> 0 | X51: =X52 -> 0 | Y51: =Y52 -> 0 | Z51: =Z52 -> 0 | AA51: =AA52 -> 0 | AB51: =AB52 -> 0 | ... AD51: =AD52 -> 0
C52: Финансовое обеспечение непредвиденных расходов | D52: 902 | E52: 01 | F52: 11 | G52: 9930000000 | I52: =SUM(J52:S52) -> 5000000 | J52: =J53 -> 5000000 | K52: =K53 -> 0 | L52: =L53 -> 0 | M52: =M53 -> 0 | N52: =N53 -> 0 | O52: =O53 -> 0 | P52: =P53 -> 0 | Q52: =Q53 -> 0 | ... S52: =S53 -> 0 | T52: =SUM(U52:AD52) -> 5000000 | U52: =U53 -> 5000000 | V52: =V53 -> 0 | W52: =W53 -> 0 | X52: =X53 -> 0 | Y52: =Y53 -> 0 | Z52: =Z53 -> 0 | AA52: =AA53 -> 0 | AB52: =AB53 -> 0 | ... AD52: =AD53 -> 0
C53: Резервные фонды администрации | D53: 902 | E53: 01 | F53: 11 | G53: 9930020590 | I53: =SUM(J53:S53) -> 5000000 | J53: =J54 -> 5000000 | K53: =K54 -> 0 | L53: =L54 -> 0 | M53: =M54 -> 0 | N53: =N54 -> 0 | O53: =O54 -> 0 | P53: =P54 -> 0 | Q53: =Q54 -> 0 | ... S53: =S54 -> 0 | T53: =SUM(U53:AD53) -> 5000000 | U53: =U54 -> 5000000 | V53: =V54 -> 0 | W53: =W54 -> 0 | X53: =X54 -> 0 | Y53: =Y54 -> 0 | Z53: =Z54 -> 0 | AA53: =AA54 -> 0 | AB53: =AB54 -> 0 | ... AD53: =AD54 -> 0
C54: Иные бюджетные ассигнования | D54: 902 | E54: 01 | F54: 11 | G54: 9930020590 | H54: 800 | I54: =SUM(J54:S54) -> 5000000 | J54: 5000000 | K54: 0 | L54: 0 | M54: 0 | N54: 0 | O54: 0 | P54: 0 | Q54: 0 | R54: 0 | S54: 0 | T54: =SUM(U54:AD54) -> 5000000 | U54: 5000000 | V54: 0 | W54: 0 | X54: 0 | Y54: 0 | Z54: 0 | AA54: 0 | AB54: 0 | AC54: 0 | AD54: 0
C55: Другие общегосударственные вопросы | D55: 902 | E55: 01 | F55: 13 | I55: =SUM(J55:S55) -> 156428700 | J55: =J66+J91+J56+J87 -> 156588700 | K55: =K66+K91+K56+K87 -> 0 | L55: =L66+L91+L56+L87 -> 0 | M55: =M66+M91+M56+M87 -> 0 | N55: =N66+N91+N56+N87 -> 0 | O55: =O66+O91+O56+O87 -> -160000 | P55: =P66+P91+P56+P87 -> 0 | Q55: =Q66+Q91+Q56+Q87 -> 0 | ... S55: =S66+S91+S56+S87 -> 0 | T55: =SUM(U55:AD55) -> 151233700 | U55: =U66+U91+U56+U87 -> 151233700 | V55: =V66+V91+V56+V87 -> 0 | W55: =W66+W91+W56+W87 -> 0 | X55: =X66+X91+X56+X87 -> 0 | Y55: =Y66+Y91+Y56+Y87 -> 0 | Z55: =Z66+Z91+Z56+Z87 -> 0 | AA55: =AA66+AA91+AA56+AA87 -> 0 | AB55: =AB66+AB91+AB56+AB87 -> 0 | ... AD55: =AD66+AD91+AD56+AD87 -> 0
C56: Муниципальная программа "Обеспечение деятельности органов местного самоуправления" | D56: 902 | E56: 01 | F56: 13 | G56: 5000000000 | I56: =SUM(J56:S56) -> 11500000 | J56: =J57+J60+J63 -> 11500000 | K56: =K57+K60+K63 -> 0 | L56: =L57+L60+L63 -> 0 | M56: =M57+M60+M63 -> 0 | N56: =N57+N60+N63 -> 0 | O56: =O57+O60+O63 -> 0 | P56: =P57+P60+P63 -> 0 | Q56: =Q57+Q60+Q63 -> 0 | ... S56: =S57+S60+S63 -> 0 | T56: =SUM(U56:AD56) -> 11500000 | U56: =U57+U60+U63 -> 11500000 | V56: =V57+V60+V63 -> 0 | W56: =W57+W60+W63 -> 0 | X56: =X57+X60+X63 -> 0 | Y56: =Y57+Y60+Y63 -> 0 | Z56: =Z57+Z60+Z63 -> 0 | AA56: =AA57+AA60+AA63 -> 0 | AB56: =AB57+AB60+AB63 -> 0 | ... AD56: =AD57+AD60+AD63 -> 0
C57: Укрепление материально-технической базы органов местного самоуправления | D57: 902 | E57: 01 | F57: 13 | G57: 5030000000 | I57: =SUM(J57:S57) -> 5000000 | J57: =J58 -> 5000000 | K57: =K58 -> 0 | L57: =L58 -> 0 | M57: =M58 -> 0 | N57: =N58 -> 0 | O57: =O58 -> 0 | P57: =P58 -> 0 | Q57: =Q58 -> 0 | ... S57: =S58 -> 0 | T57: =SUM(U57:AD57) -> 5000000 | U57: =U58 -> 5000000 | V57: =V58 -> 0 | W57: =W58 -> 0 | X57: =X58 -> 0 | Y57: =Y58 -> 0 | Z57: =Z58 -> 0 | AA57: =AA58 -> 0 | AB57: =AB58 -> 0 | ... AD57: =AD58 -> 0
C58: Укрепление материально-технического оснащения для бесперебойного обеспечения бюджетного процесса | D58: 902 | E58: 01 | F58: 13 | G58: 5030010030 | I58: =SUM(J58:S58) -> 5000000 | J58: =J59 -> 5000000 | K58: =K59 -> 0 | L58: =L59 -> 0 | M58: =M59 -> 0 | N58: =N59 -> 0 | O58: =O59 -> 0 | P58: =P59 -> 0 | Q58: =Q59 -> 0 | ... S58: =S59 -> 0 | T58: =SUM(U58:AD58) -> 5000000 | U58: =U59 -> 5000000 | V58: =V59 -> 0 | W58: =W59 -> 0 | X58: =X59 -> 0 | Y58: =Y59 -> 0 | Z58: =Z59 -> 0 | AA58: =AA59 -> 0 | AB58: =AB59 -> 0 | ... AD58: =AD59 -> 0
C59: Закупка товаров, работ и услуг для обеспечения государственных (муниципальных) нужд | D59: 902 | E59: 01 | F59: 13 | G59: 5030010030 | H59: 200 | I59: =SUM(J59:S59) -> 5000000 | J59: 5000000 | T59: =SUM(U59:AD59) -> 5000000 | U59: 5000000
C60: Повышение информированности населения о деятельности органов власти | D60: 902 | E60: 01 | F60: 13 | G60: 5040000000 | I60: =SUM(J60:S60) -> 1500000 | J60: =J61 -> 1500000 | K60: =K61 -> 0 | L60: =L61 -> 0 | M60: =M61 -> 0 | N60: =N61 -> 0 | O60: =O61 -> 0 | P60: =P61 -> 0 | Q60: =Q61 -> 0 | ... S60: =S61 -> 0 | T60: =SUM(U60:AD60) -> 1500000 | U60: =U61 -> 1500000 | V60: =V61 -> 0 | W60: =W61 -> 0 | X60: =X61 -> 0 | Y60: =Y61 -> 0 | Z60: =Z61 -> 0 | AA60: =AA61 -> 0 | AB60: =AB61 -> 0 | ... AD60: =AD61 -> 0
C61: Обеспечение информационной открытости органов власти | D61: 902 | E61: 01 | F61: 13 | G61: 5040010560 | I61: =SUM(J61:S61) -> 1500000 | J61: =J62 -> 1500000 | K61: =K62 -> 0 | L61: =L62 -> 0 | M61: =M62 -> 0 | N61: =N62 -> 0 | O61: =O62 -> 0 | P61: =P62 -> 0 | Q61: =Q62 -> 0 | ... S61: =S62 -> 0 | T61: =SUM(U61:AD61) -> 1500000 | U61: =U62 -> 1500000 | V61: =V62 -> 0 | W61: =W62 -> 0 | X61: =X62 -> 0 | Y61: =Y62 -> 0 | Z61: =Z62 -> 0 | AA61: =AA62 -> 0 | AB61: =AB62 -> 0 | ... AD61: =AD62 -> 0
C62: Закупка товаров, работ и услуг для обеспечения государственных (муниципальных) нужд | D62: 902 | E62: 01 | F62: 13 | G62: 5040010560 | H62: 200 | I62: =SUM(J62:S62) -> 1500000 | J62: 1500000 | T62: =SUM(U62:AD62) -> 1500000 | U62: 1500000
C63: Создание информационно-технической инфраструктуры администрации | D63: 902 | E63: 01 | F63: 13 | G63: 5050000000 | I63: =SUM(J63:S63) -> 5000000 | J63: =J64 -> 5000000 | K63: =K64 -> 0 | L63: =L64 -> 0 | M63: =M64 -> 0 | N63: =N64 -> 0 | O63: =O64 -> 0 | P63: =P64 -> 0 | Q63: =Q64 -> 0 | ... S63: =S64 -> 0 | T63: =SUM(U63:AD63) -> 5000000 | U63: =U64 -> 5000000 | V63: =V64 -> 0 | W63: =W64 -> 0 | X63: =X64 -> 0 | Y63: =Y64 -> 0 | Z63: =Z64 -> 0 | AA63: =AA64 -> 0 | AB63: =AB64 -> 0 | ... AD63: =AD64 -> 0
C64: Информатизация администрации муниципального образования | D64: 902 | E64: 01 | F64: 13 | G64: 5050010780 | I64: =SUM(J64:S64) -> 5000000 | J64: =J65 -> 5000000 | K64: =K65 -> 0 | L64: =L65 -> 0 | M64: =M65 -> 0 | N64: =N65 -> 0 | O64: =O65 -> 0 | P64: =P65 -> 0 | Q64: =Q65 -> 0 | ... S64: =S65 -> 0 | T64: =SUM(U64:AD64) -> 5000000 | U64: =U65 -> 5000000 | V64: =V65 -> 0 | W64: =W65 -> 0 | X64: =X65 -> 0 | Y64: =Y65 -> 0 | Z64: =Z65 -> 0 | AA64: =AA65 -> 0 | AB64: =AB65 -> 0 | ... AD64: =AD65 -> 0
C65: Закупка товаров, работ и услуг для обеспечения государственных (муниципальных) нужд | D65: 902 | E65: 01 | F65: 13 | G65: 5050010780 | H65: 200 | I65: =SUM(J65:S65) -> 5000000 | J65: 5000000 | T65: =SUM(U65:AD65) -> 5000000 | U65: 5000000
C66: Муниципальная программа "Обеспечение деятельности казенных учреждений" | D66: 902 | E66: 01 | F66: 13 | G66: 5200000000 | I66: =SUM(J66:S66) -> 130582300 | J66: =J67+J72+J82+J77 -> 130742300 | K66: =K67+K72+K82+K77 -> 0 | L66: =L67+L72+L82+L77 -> 0 | M66: =M67+M72+M82+M77 -> 0 | N66: =N67+N72+N82+N77 -> 0 | O66: =O67+O72+O82+O77 -> -160000 | P66: =P67+P72+P82+P77 -> 0 | Q66: =Q67+Q72+Q82+Q77 -> 0 | ... S66: =S67+S72+S82+S77 -> 0 | T66: =SUM(U66:AD66) -> 125474700 | U66: =U67+U72+U82+U77 -> 125474700 | V66: =V67+V72+V82+V77 -> 0 | W66: =W67+W72+W82+W77 -> 0 | X66: =X67+X72+X82+X77 -> 0 | Y66: =Y67+Y72+Y82+Y77 -> 0 | Z66: =Z67+Z72+Z82+Z77 -> 0 | AA66: =AA67+AA72+AA82+AA77 -> 0 | AB66: =AB67+AB72+AB82+AB77 -> 0 | ... AD66: =AD67+AD72+AD82+AD77 -> 0
C67: Централизованная бухгалтерия | D67: 902 | E67: 01 | F67: 13 | G67: 5210000000 | I67: =SUM(J67:S67) -> 84761100 | J67: =J68 -> 84761100 | K67: =K68 -> 0 | L67: =L68 -> 0 | M67: =M68 -> 0 | N67: =N68 -> 0 | O67: =O68 -> 0 | P67: =P68 -> 0 | Q67: =Q68 -> 0 | ... S67: =S68 -> 0 | T67: =SUM(U67:AD67) -> 81534200 | U67: =U68 -> 81534200 | V67: =V68 -> 0 | W67: =W68 -> 0 | X67: =X68 -> 0 | Y67: =Y68 -> 0 | Z67: =Z68 -> 0 | AA67: =AA68 -> 0 | AB67: =AB68 -> 0 | ... AD67: =AD68 -> 0
C68: Расходы на обеспечение деятельности (оказание услуг) муниципальных учреждений | D68: 902 | E68: 01 | F68: 13 | G68: 5210000590 | I68: =SUM(J68:S68) -> 84761100 | J68: =J69+J70+J71 -> 84761100 | K68: =K69+K70+K71 -> 0 | L68: =L69+L70+L71 -> 0 | M68: =M69+M70+M71 -> 0 | N68: =N69+N70+N71 -> 0 | O68: =O69+O70+O71 -> 0 | P68: =P69+P70+P71 -> 0 | Q68: =Q69+Q70+Q71 -> 0 | ... S68: =S69+S70+S71 -> 0 | T68: =SUM(U68:AD68) -> 81534200 | U68: =U69+U70+U71 -> 81534200 | V68: =V69+V70+V71 -> 0 | W68: =W69+W70+W71 -> 0 | X68: =X69+X70+X71 -> 0 | Y68: =Y69+Y70+Y71 -> 0 | Z68: =Z69+Z70+Z71 -> 0 | AA68: =AA69+AA70+AA71 -> 0 | AB68: =AB69+AB70+AB71 -> 0 | ... AD68: =AD69+AD70+AD71 -> 0
C69: Расходы на выплаты персоналу в целях обеспечения выполнения функций государственными (муниципальными) органами, казенными учреждениями, органами управления государственными внебюджетными фондами | D69: 902 | E69: 01 | F69: 13 | G69: 5210000590 | H69: 100 | I69: =SUM(J69:S69) -> 77302800 | J69: 77302800 | T69: =SUM(U69:AD69) -> 74359700 | U69: =47153800+27205900 -> 74359700
C70: Закупка товаров, работ и услуг для обеспечения государственных (муниципальных) нужд | D70: 902 | E70: 01 | F70: 13 | G70: 5210000590 | H70: 200 | I70: =SUM(J70:S70) -> 7333500 | J70: 7333500 | T70: =SUM(U70:AD70) -> 7054400 | U70: =3696400+3358000 -> 7054400
C71: Иные бюджетные ассигнования | D71: 902 | E71: 01 | F71: 13 | G71: 5210000590 | H71: 800 | I71: =SUM(J71:S71) -> 124800 | J71: 124800 | T71: =SUM(U71:AD71) -> 120100 | U71: =39800+80300 -> 120100
C72: Административно-хозяйственная часть | D72: 902 | E72: 01 | F72: 13 | G72: 5220000000 | I72: =SUM(J72:S72) -> 25470700 | J72: =J73 -> 25470700 | K72: =K73 -> 0 | L72: =L73 -> 0 | M72: =M73 -> 0 | N72: =N73 -> 0 | O72: =O73 -> 0 | P72: =P73 -> 0 | Q72: =Q73 -> 0 | ... S72: =S73 -> 0 | T72: =SUM(U72:AD72) -> 24210800 | U72: =U73 -> 24210800 | V72: =V73 -> 0 | W72: =W73 -> 0 | X72: =X73 -> 0 | Y72: =Y73 -> 0 | Z72: =Z73 -> 0 | AA72: =AA73 -> 0 | AB72: =AB73 -> 0 | ... AD72: =AD73 -> 0
C73: Расходы на обеспечение деятельности (оказание услуг) муниципальных учреждений | D73: 902 | E73: 01 | F73: 13 | G73: 5220000590 | I73: =SUM(J73:S73) -> 25470700 | J73: =J74+J75+J76 -> 25470700 | K73: =K74+K75+K76 -> 0 | L73: =L74+L75+L76 -> 0 | M73: =M74+M75+M76 -> 0 | N73: =N74+N75+N76 -> 0 | O73: =O74+O75+O76 -> 0 | P73: =P74+P75+P76 -> 0 | Q73: =Q74+Q75+Q76 -> 0 | ... S73: =S74+S75+S76 -> 0 | T73: =SUM(U73:AD73) -> 24210800 | U73: =U74+U75+U76 -> 24210800 | V73: =V74+V75+V76 -> 0 | W73: =W74+W75+W76 -> 0 | X73: =X74+X75+X76 -> 0 | Y73: =Y74+Y75+Y76 -> 0 | Z73: =Z74+Z75+Z76 -> 0 | AA73: =AA74+AA75+AA76 -> 0 | AB73: =AB74+AB75+AB76 -> 0 | ... AD73: =AD74+AD75+AD76 -> 0
C74: Расходы на выплаты персоналу в целях обеспечения выполнения функций государственными (муниципальными) органами, казенными учреждениями, органами управления государственными внебюджетными фондами | D74: 902 | E74: 01 | F74: 13 | G74: 5220000590 | H74: 100 | I74: =SUM(J74:S74) -> 14029500 | J74: 14029500 | T74: =SUM(U74:AD74) -> 13495600 | U74: 13495600
C75: Закупка товаров, работ и услуг для обеспечения государственных (муниципальных) нужд | D75: 902 | E75: 01 | F75: 13 | G75: 5220000590 | H75: 200 | I75: =SUM(J75:S75) -> 11315700 | J75: 11315700 | T75: =SUM(U75:AD75) -> 10594400 | U75: 10594400
C76: Иные бюджетные ассигнования | D76: 902 | E76: 01 | F76: 13 | G76: 5220000590 | H76: 800 | I76: =SUM(J76:S76) -> 125500 | J76: 125500 | T76: =SUM(U76:AD76) -> 120800 | U76: 120800
C77: Архитектура и градостроительство | D77: 902 | E77: 01 | F77: 13 | G77: 5230000000 | I77: =SUM(J77:S77) -> 5876800 | J77: =J78 -> 5876800 | K77: =K78 -> 0 | L77: =L78 -> 0 | M77: =M78 -> 0 | N77: =N78 -> 0 | O77: =O78 -> 0 | P77: =P78 -> 0 | Q77: =Q78 -> 0 | ... S77: =S78 -> 0 | T77: =SUM(U77:AD77) -> 5653100 | U77: =U78 -> 5653100 | V77: =V78 -> 0 | W77: =W78 -> 0 | X77: =X78 -> 0 | Y77: =Y78 -> 0 | Z77: =Z78 -> 0 | AA77: =AA78 -> 0 | AB77: =AB78 -> 0 | ... AD77: =AD78 -> 0
C78: Расходы на обеспечение деятельности (оказание услуг) муниципальных учреждений | D78: 902 | E78: 01 | F78: 13 | G78: 5230000590 | I78: =SUM(J78:S78) -> 5876800 | J78: =J79+J80+J81 -> 5876800 | K78: =K79+K80+K81 -> 0 | L78: =L79+L80+L81 -> 0 | M78: =M79+M80+M81 -> 0 | N78: =N79+N80+N81 -> 0 | O78: =O79+O80+O81 -> 0 | P78: =P79+P80+P81 -> 0 | Q78: =Q79+Q80+Q81 -> 0 | ... S78: =S79+S80+S81 -> 0 | T78: =SUM(U78:AD78) -> 5653100 | U78: =U79+U80+U81 -> 5653100 | V78: =V79+V80+V81 -> 0 | W78: =W79+W80+W81 -> 0 | X78: =X79+X80+X81 -> 0 | Y78: =Y79+Y80+Y81 -> 0 | Z78: =Z79+Z80+Z81 -> 0 | AA78: =AA79+AA80+AA81 -> 0 | AB78: =AB79+AB80+AB81 -> 0 | ... AD78: =AD79+AD80+AD81 -> 0
C79: Расходы на выплаты персоналу в целях обеспечения выполнения функций государственными (муниципальными) органами, казенными учреждениями, органами управления государственными внебюджетными фондами | D79: 902 | E79: 01 | F79: 13 | G79: 5230000590 | H79: 100 | I79: =SUM(J79:S79) -> 5311900 | J79: 5311900 | T79: =SUM(U79:AD79) -> 5109600 | U79: 5109600
C80: Закупка товаров, работ и услуг для обеспечения государственных (муниципальных) нужд | D80: 902 | E80: 01 | F80: 13 | G80: 5230000590 | H80: 200 | I80: =SUM(J80:S80) -> 370900 | J80: 370900 | T80: =SUM(U80:AD80) -> 356900 | U80: 356900
C81: Иные бюджетные ассигнования | D81: 902 | E81: 01 | F81: 13 | G81: 5230000590 | H81: 800 | I81: =SUM(J81:S81) -> 194000 | J81: 194000 | T81: =SUM(U81:AD81) -> 186600 | U81: 186600
C82: Служба заказчика | D82: 902 | E82: 01 | F82: 13 | G82: 5260000000 | I82: =SUM(J82:S82) -> 14473700 | J82: =+J83 -> 14633700 | K82: =+K83 -> 0 | L82: =+L83 -> 0 | M82: =+M83 -> 0 | N82: =+N83 -> 0 | O82: =+O83 -> -160000 | P82: =+P83 -> 0 | Q82: =+Q83 -> 0 | ... S82: =+S83 -> 0 | T82: =SUM(U82:AD82) -> 14076600 | U82: =U83 -> 14076600 | V82: =+V83 -> 0 | W82: =+W83 -> 0 | X82: =+X83 -> 0 | Y82: =+Y83 -> 0 | Z82: =+Z83 -> 0 | AA82: =+AA83 -> 0 | AB82: =+AB83 -> 0 | AC82: =+AC83 -> 0 | AD82: =+AD83 -> 0
C83: Расходы на обеспечение деятельности (оказание услуг) муниципальных учреждений | D83: 902 | E83: 01 | F83: 13 | G83: 5260000590 | I83: =SUM(J83:S83) -> 14473700 | J83: =J84+J85+J86 -> 14633700 | K83: =K84+K85+K86 -> 0 | L83: =L84+L85+L86 -> 0 | M83: =M84+M85+M86 -> 0 | N83: =N84+N85+N86 -> 0 | O83: =O84+O85+O86 -> -160000 | P83: =P84+P85+P86 -> 0 | Q83: =Q84+Q85+Q86 -> 0 | ... S83: =S84+S85+S86 -> 0 | T83: =SUM(U83:AD83) -> 14076600 | U83: =U84+U85+U86 -> 14076600 | V83: =V84+V85+V86 -> 0 | W83: =W84+W85+W86 -> 0 | X83: =X84+X85+X86 -> 0 | Y83: =Y84+Y85+Y86 -> 0 | Z83: =Z84+Z85+Z86 -> 0 | AA83: =AA84+AA85+AA86 -> 0 | AB83: =AB84+AB85+AB86 -> 0 | ... AD83: =AD84+AD85+AD86 -> 0
C84: Расходы на выплаты персоналу в целях обеспечения выполнения функций государственными (муниципальными) органами, казенными учреждениями, органами управления государственными внебюджетными фондами | D84: 902 | E84: 01 | F84: 13 | G84: 5260000590 | H84: 100 | I84: =SUM(J84:S84) -> 12609300 | J84: 12609300 | T84: =SUM(U84:AD84) -> 12129200 | U84: 12129200
C85: Закупка товаров, работ и услуг для обеспечения государственных (муниципальных) нужд | D85: 902 | E85: 01 | F85: 13 | G85: 5260000590 | H85: 200 | I85: =SUM(J85:S85) -> 1420400 | J85: 1580400 | O85: -160000 | T85: =SUM(U85:AD85) -> 1520300 | U85: 1520300
C86: Иные бюджетные ассигнования | D86: 902 | E86: 01 | F86: 13 | G86: 5260000590 | H86: 800 | I86: =SUM(J86:S86) -> 444000 | J86: 444000 | T86: =SUM(U86:AD86) -> 427100 | U86: 427100
C87: Муниципальная программа "Поддержка социально ориентированных некоммерческих организаций" | D87: 902 | E87: 01 | F87: 13 | G87: 6300000000 | I87: =SUM(J87:S87) -> 2050000 | J87: =J88 -> 2050000 | K87: =K88 -> 0 | L87: =L88 -> 0 | M87: =M88 -> 0 | N87: =N88 -> 0 | O87: =O88 -> 0 | P87: =P88 -> 0 | Q87: =Q88 -> 0 | ... S87: =S88 -> 0 | T87: =SUM(U87:AD87) -> 2050000 | U87: =U88 -> 2050000 | V87: =V88 -> 0 | W87: =W88 -> 0 | X87: =X88 -> 0 | Y87: =Y88 -> 0 | Z87: =Z88 -> 0 | AA87: =AA88 -> 0 | AB87: =AB88 -> 0 | ... AD87: =AD88 -> 0
C88: Формирование благоприятных условий для осуществления деятельности социально ориентированных некоммерческих организаций | D88: 902 | E88: 01 | F88: 13 | G88: 6310000000 | I88: =SUM(J88:S88) -> 2050000 | J88: =J89 -> 2050000 | K88: =K89 -> 0 | L88: =L89 -> 0 | M88: =M89 -> 0 | N88: =N89 -> 0 | O88: =O89 -> 0 | P88: =P89 -> 0 | Q88: =Q89 -> 0 | ... S88: =S89 -> 0 | T88: =SUM(U88:AD88) -> 2050000 | U88: =U89 -> 2050000 | V88: =V89 -> 0 | W88: =W89 -> 0 | X88: =X89 -> 0 | Y88: =Y89 -> 0 | Z88: =Z89 -> 0 | AA88: =AA89 -> 0 | AB88: =AB89 -> 0 | ... AD88: =AD89 -> 0
C89: Реализация мероприятий по поддержке социально ориентированных некоммерческих организаций | D89: 902 | E89: 01 | F89: 13 | G89: 6310010050 | I89: =SUM(J89:S89) -> 2050000 | J89: =J90 -> 2050000 | K89: =K90 -> 0 | L89: =L90 -> 0 | M89: =M90 -> 0 | N89: =N90 -> 0 | O89: =O90 -> 0 | P89: =P90 -> 0 | Q89: =Q90 -> 0 | ... S89: =S90 -> 0 | T89: =SUM(U89:AD89) -> 2050000 | U89: =U90 -> 2050000 | V89: =V90 -> 0 | W89: =W90 -> 0 | X89: =X90 -> 0 | Y89: =Y90 -> 0 | Z89: =Z90 -> 0 | AA89: =AA90 -> 0 | AB89: =AB90 -> 0 | ... AD89: =AD90 -> 0
C90: Предоставление субсидий бюджетным, автономным учреждениям и иным некоммерческим организациям | D90: 902 | E90: 01 | F90: 13 | G90: 6310010050 | H90: 600 | I90: =SUM(J90:S90) -> 2050000 | J90: 2050000 | T90: =SUM(U90:AD90) -> 2050000 | U90: 2050000
C91: Другие непрограммные направления деятельности органов местного самоуправления | D91: 902 | E91: 01 | F91: 13 | G91: 9900000000 | I91: =SUM(J91:S91) -> 12296400 | J91: =J94+J92+J96 -> 12296400 | K91: =K94+K92+K96 -> 0 | L91: =L94+L92+L96 -> 0 | M91: =M94+M92+M96 -> 0 | N91: =N94+N92+N96 -> 0 | O91: =O94+O92+O96 -> 0 | P91: =P94+P92+P96 -> 0 | Q91: =Q94+Q92+Q96 -> 0 | ... S91: =S94+S92+S96 -> 0 | T91: =SUM(U91:AD91) -> 12209000 | U91: =U94+U92+U96 -> 12209000 | V91: =V94+V92+V96 -> 0 | W91: =W94+W92+W96 -> 0 | X91: =X94+X92+X96 -> 0 | Y91: =Y94+Y92+Y96 -> 0 | Z91: =Z94+Z92+Z96 -> 0 | AA91: =AA94+AA92+AA96 -> 0 | AB91: =AB94+AB92+AB96 -> 0 | ... AD91: =AD94+AD92+AD96 -> 0
C92: Реализация мероприятий по выполнению наказов избирателей депутатам представительного органа | D92: 902 | E92: 01 | F92: 13 | G92: 9900010150 | I92: =SUM(J92:S92) -> 10000000 | J92: =J93 -> 10000000 | K92: =K93 -> 0 | L92: =L93 -> 0 | M92: =M93 -> 0 | N92: =N93 -> 0 | O92: =O93 -> 0 | P92: =P93 -> 0 | Q92: =Q93 -> 0 | ... S92: =S93 -> 0 | T92: =SUM(U92:AD92) -> 10000000 | U92: =U93 -> 10000000 | V92: =V93 -> 0 | W92: =W93 -> 0 | X92: =X93 -> 0 | Y92: =Y93 -> 0 | Z92: =Z93 -> 0 | AA92: =AA93 -> 0 | AB92: =AB93 -> 0 | ... AD92: =AD93 -> 0
C93: Закупка товаров, работ и услуг для обеспечения государственных (муниципальных) нужд | D93: 902 | E93: 01 | F93: 13 | G93: 9900010150 | H93: 200 | I93: =SUM(J93:S93) -> 10000000 | J93: 10000000 | T93: =SUM(U93:AD93) -> 10000000 | U93: 10000000
C94: Исполнение судебных решений | D94: 902 | E94: 01 | F94: 13 | G94: 9900010910 | I94: =SUM(J94:S94) -> 765500 | J94: =J95 -> 765500 | K94: =K95 -> 0 | L94: =L95 -> 0 | M94: =M95 -> 0 | N94: =N95 -> 0 | O94: =O95 -> 0 | P94: =P95 -> 0 | Q94: =Q95 -> 0 | ... S94: =S95 -> 0 | T94: =SUM(U94:AD94) -> 736300 | U94: =U95 -> 736300 | V94: =V95 -> 0 | W94: =W95 -> 0 | X94: =X95 -> 0 | Y94: =Y95 -> 0 | Z94: =Z95 -> 0 | AA94: =AA95 -> 0 | AB94: =AB95 -> 0 | ... AD94: =AD95 -> 0
C95: Иные бюджетные ассигнования | D95: 902 | E95: 01 | F95: 13 | G95: 9900010910 | H95: 800 | I95: =SUM(J95:S95) -> 765500 | J95: 765500 | T95: =SUM(U95:AD95) -> 736300 | U95: 736300
C96: Непрограммные мероприятия в области архитектуры и управления муниципальным имуществом | D96: 902 | E96: 01 | F96: 13 | G96: 9960000000 | I96: =SUM(J96:S96) -> 1530900 | J96: =J97 -> 1530900 | K96: =K97 -> 0 | L96: =L97 -> 0 | M96: =M97 -> 0 | N96: =N97 -> 0 | O96: =O97 -> 0 | P96: =P97 -> 0 | Q96: =Q97 -> 0 | ... S96: =S97 -> 0 | T96: =SUM(U96:AD96) -> 1472700 | U96: =U97 -> 1472700 | V96: =V97 -> 0 | W96: =W97 -> 0 | X96: =X97 -> 0 | Y96: =Y97 -> 0 | Z96: =Z97 -> 0 | AA96: =AA97 -> 0 | AB96: =AB97 -> 0 | ... AD96: =AD97 -> 0
C97: Мероприятия в области подготовительных работ и ввода в эксплуатацию объектов строительства | D97: 902 | E97: 01 | F97: 13 | G97: 9960010570 | I97: =SUM(J97:S97) -> 1530900 | J97: =J98 -> 1530900 | K97: =K98 -> 0 | L97: =L98 -> 0 | M97: =M98 -> 0 | N97: =N98 -> 0 | O97: =O98 -> 0 | P97: =P98 -> 0 | Q97: =Q98 -> 0 | ... S97: =S98 -> 0 | T97: =SUM(U97:AD97) -> 1472700 | U97: =U98 -> 1472700 | V97: =V98 -> 0 | W97: =W98 -> 0 | X97: =X98 -> 0 | Y97: =Y98 -> 0 | Z97: =Z98 -> 0 | AA97: =AA98 -> 0 | AB97: =AB98 -> 0 | ... AD97: =AD98 -> 0
C98: Закупка товаров, работ и услуг для обеспечения государственных (муниципальных) нужд | D98: 902 | E98: 01 | F98: 13 | G98: 9960010570 | H98: 200 | I98: =SUM(J98:S98) -> 1530900 | J98: 1530900 | T98: =SUM(U98:AD98) -> 1472700 | U98: 1472700
C99: Национальная безопасность и правоохранительная деятельность | D99: 902 | E99: 03 | F99: 00 | I99: =SUM(J99:S99) -> 42296100 | J99: =J100+J119+J114 -> 42296100 | K99: =K100+K119+K114 -> 0 | L99: =L100+L119+L114 -> 0 | M99: =M100+M119+M114 -> 0 | N99: =N100+N119+N114 -> 0 | O99: =O100+O119+O114 -> 0 | P99: =P100+P119+P114 -> 0 | Q99: =Q100+Q119+Q114 -> 0 | ... S99: =S100+S119+S114 -> 0 | T99: =SUM(U99:AD99) -> 45744800 | U99: =U100+U119+U114 -> 45744800 | V99: =V100+V119+V114 -> 0 | W99: =W100+W119+W114 -> 0 | X99: =X100+X119+X114 -> 0 | Y99: =Y100+Y119+Y114 -> 0 | Z99: =Z100+Z119+Z114 -> 0 | AA99: =AA100+AA119+AA114 -> 0 | AB99: =AB100+AB119+AB114 -> 0 | ... AD99: =AD100+AD119+AD114 -> 0
C100: Гражданская оборона | D100: 902 | E100: 03 | F100: 09 | I100: =SUM(J100:S100) -> 35524100 | J100: =J101+J108 -> 35524100 | K100: =K101+K108 -> 0 | L100: =L101+L108 -> 0 | M100: =M101+M108 -> 0 | N100: =N101+N108 -> 0 | O100: =O101+O108 -> 0 | P100: =P101+P108 -> 0 | Q100: =Q101+Q108 -> 0 | ... S100: =S101+S108 -> 0 | T100: =SUM(U100:AD100) -> 34742800 | U100: =U101+U108 -> 34742800 | V100: =V101+V108 -> 0 | W100: =W101+W108 -> 0 | X100: =X101+X108 -> 0 | Y100: =Y101+Y108 -> 0 | Z100: =Z101+Z108 -> 0 | AA100: =AA101+AA108 -> 0 | AB100: =AB101+AB108 -> 0 | ... AD100: =AD101+AD108 -> 0
...
